 Dungeon Crawl Stone Soup version 0.30-a0-170-g85af917532 (webtiles) character file.

Game seed: 7500441471957571363

353340 qw the Peltast (level 22, -13/152 HPs)
             Began as a Gargoyle Fighter on Sept 30, 2022.
             Was a High Priest of Okawaru.
             Killed by divine providence
             ... invoked by a daeva
              (15 damage)
             ... on level 2 of the Depths.
             The game lasted 00:27:53 (44463 turns).

qw the Peltast (Gargoyle Fighter)                  Turns: 44463, Time: 00:27:53

Health: -13/152    AC: 56    Str: 29    XL:     22   Next: 27%
Magic:  29/29      EV: 10    Int: 17    God:    Okawaru [*****.]
Gold:   238        SH: 28    Dex: 13    Spells: 21/21 levels left

rFire   + + .      SeeInvis +    r - +5 broad axe (vamp)
rCold   . . .      Faith    .    x - +2 tower shield
rNeg    + . .      Spirit   .    s - +6 plate armour {rF+}
rPois   inf        Reflect  +    A - +3 hat of Daisies {Str-2 Int+4 Dex+4}
rElec   +          Harm     .    c - +1 cloak {Will+}
rCorr   +          Rampage  .    u - +1 pair of gloves "Bilofosa" {rF+ rCorr}
Will    ++...                    C - +0 pair of boots "Semyali" {rElec Regen+}
Stlth   ..........               J - amulet of reflection
HPRegen 1.15/turn                K - ring "Mianyto" {AC+4 Str+4}
MPRegen 0.21/turn                L - ring of see invisible

@: flying, glowing
A: sickness immunity, AC +16, big wings, negative energy resistance 1,
electricity resistance, torment resistance 1, petrification resistance
}: 2/15 runes: decaying, serpentine
a: Renounce Religion, Heroism, Finesse, Duel


You were on level 2 of the Depths.
You worshipped Okawaru.
Okawaru was extremely pleased with you.
You visited 8 branches of the dungeon, and saw 37 of its levels.
You also visited: Gauntlet.

You collected 4014 gold pieces.
You spent 3776 gold pieces at shops.


Innate Abilities, Weirdness & Mutations

You are immune to sickness and miasma.
Your stone body is resilient. (AC +16)
You are immune to poison.
Your large and strong wings let you fly.
You resist negative energy. (rN+)
You are resistant to electric shocks. (rElec)
You are resistant to unholy torment.
You are immune to petrification.


   Skills:
 - Level 20.0 Fighting
 - Level 18.0 Axes
 - Level 10.0 Throwing
 - Level 19.0 Armour
 - Level 7.0 Dodging
 + Level 20.7 Shields
 - Level 10.0 Invocations


You had 21 spell levels left.
You didn't know any spells.
Your spell library was empty.

Inventory:

Hand Weapons
 i - the +7 broad axe "Ileewk" {vorpal, rCorr Int+3 Stlth-}
   (Okawaru gifted it to you on level 1 of the Swamp)

   It inflicts extra damage upon your enemies.
   Int:       It affects your intelligence (+3).
   rCorr:     It protects you from acid and corrosion.
   Stlth:     It makes you less stealthy.
 r - a +5 vampiric broad axe (weapon)
Missiles
 m - 8 boomerangs (quivered)
 D - 2 javelins
Armour
 c - a +1 cloak of willpower (worn)
 j - a +2 pair of gloves
 k - a +2 cloak
 s - a +6 plate armour of fire resistance (worn)
 t - +0 ice dragon scales
 u - the +1 pair of gloves "Bilofosa" (worn) {rF+ rCorr}
   (You bought it in a shop on level 4 of the Snake Pit)

   rF:        It protects you from fire.
   rCorr:     It protects you from acid and corrosion.
 v - the +4 chain mail of Okawaru's Castigation {-Tele rElec rC++ Dex+2}
   (Okawaru gifted it to you on level 2 of the Lair of Beasts)

   Dex:       It affects your dexterity (+2).
   rC:        It greatly protects you from cold.
   rElec:     It insulates you from electricity.
   -Tele:     It prevents most forms of teleportation.
 w - a scarf of resistance
 x - a +2 tower shield (worn)
 y - +0 acid dragon scales
 A - the +3 hat of Daisies (worn) {Str-2 Int+4 Dex+4}
   (You found it on level 12 of the Dungeon)

   Str:       It affects your strength (-2).
   Int:       It affects your intelligence (+4).
   Dex:       It affects your dexterity (+4).
 C - the +0 pair of boots "Semyali" (worn) {rElec Regen+}
   (Okawaru gifted it to you on level 14 of the Dungeon)

   rElec:     It insulates you from electricity.
   Regen:     It increases your rate of health regeneration.
Jewellery
 l - a ring of resist corrosion
 I - a ring of protection from fire
 J - an amulet of reflection (around neck)
 K - the ring "Mianyto" (left hand) {AC+4 Str+4}
   (You bought it in a shop on level 2 of the Orcish Mines)

   [ring of protection]

   AC:        It affects your AC (+4).
   Str:       It affects your strength (+4).
 L - a ring of see invisible (right hand)
 Y - a +6 ring of dexterity
Scrolls
 e - 3 scrolls of brand weapon
 o - 25 scrolls of identify
Potions
 a - 8 potions of lignification
 d - 9 potions of might
 f - 10 potions of heal wounds
 g - 7 potions of attraction
 h - 21 potions of curing
 n - 3 potions of resistance
 p - 5 potions of mutation
 q - 3 potions of haste
 z - 8 potions of magic
 B - a potion of cancellation

Dungeon Overview and Level Annotations

Branches:
Dungeon (15/15)            Temple (1/1) D:5            Lair (5/5) D:8
  Swamp (4/4) Lair:3        Snake (4/4) Lair:2        Slime (0/5) Lair:4
    Orc (2/2) D:11            Elf (0/3) Orc:2        Vaults (4/5) D:14
  Crypt (0/3) Vaults:3     Depths (2/4) D:15        Gauntlet (visited)

Altars:
Ashenzari
Cheibriados
Dithmenos
Elyvilon
Fedhas
Gozag
Hepliaklqana
Kikubaaqudgha
Makhleb
Nemelex Xobeh
Okawaru
Qazlal
Ru
Sif Muna
Trog
Uskayaw
Vehumet
Wu Jian
Xom
Yredelemnul
Zin
The Shining One
Jiyva

Shops:
Orc:2 =*[(   Snake:1 *!   Snake:3 ?   Snake:4 [   Vaults:4 !   Depths:1 ?

Portals:
Hell: Depths:1
Abyss: Depths:1
Pandemonium: Depths:1
Ziggurat: Depths:2

Annotations:
D:5 1 runed translucent door, Crazy Yiuf
Lair:4 2 transporters, qw's ghost, journeyman GrFi
Snake:1 3 runed translucent doors, sleeves's ghost, adept BaSu
Depths:2 Asterion


Message History

Things that are here:
a +0 dagger; a +0 robe
44451 ||| FLEEEEING.
44452 ||| FLEEEEING.
Things that are here:
a +0 dagger; a +0 robe
44453 ||| FLEEEEING.
44454 ||| FLEEEEING.
Things that are here:
a +0 dagger; a +0 robe
44455 ||| FLEEEEING.
The daeva calls down the wrath of the Shining One upon you.
The Shining One smites you!
44456 ||| FLEEEEING.
Things that are here:
a +0 dagger; a +0 robe
44457 ||| FLEEEEING.
The daeva calls down the wrath of the Shining One upon you.
The Shining One smites you!
44458 ||| FLEEEEING.
Things that are here:
a +0 dagger; a +0 robe
44459 ||| FLEEEEING.
The daeva calls down the wrath of the Shining One upon you.
The Shining One smites you!
44460 ||| FLEEEEING.
Things that are here:
a +0 dagger; a +0 robe
44461 ||| FLEEEEING.
The daeva calls down the wrath of the Shining One upon you.
The Shining One smites you!
44462 ||| FLEEEEING.
The daeva calls down the wrath of the Shining One upon you.
The Shining One smites you!
Things that are here:
a +0 dagger; a +0 robe
44463 ||| FLEEEEING.
The daeva calls down the wrath of the Shining One upon you.
The Shining One smites you!
You die...

.........###### ...............
............... ...............
............... ...............
#####+## #########.......).......
.......# #.........#.............
.......# #.#####@.###............
......0###.####).##A##..#..<)...#
.......'........##A\.##.#.[.)..##
......0###.####..##.##..#...[..#.
.......# #># #...###..##......#.
.......# #.# #.#..#.............
.......# #.# #.#....#.........#.
.......# #.# #.#.#..#........##.
.......# #.. .......#...###.##$#


You could see a daeva and an angel.

Vanquished Creatures
  Mara (Snake:4)
  A juggernaut (Depths:1)
  Vashnia (Snake:2)
  A golden dragon (Depths:2)
  Jorgrun (D:14)
  A lich (Depths:1)
  Gastronok (Lair:1)
  A sphinx (Vaults:4)
  Frances (Snake:1)
  A tengu reaver (Depths:1)
  Roxanne (D:15)
  A storm dragon (Vaults:4)
  14 nagarajas (Snake:4)
  7 fire giants
  2 frost giants
  13 vault wardens
  Aizul (Snake:1)
  A juggernaut zombie (Swamp:4)
  11 ironbound preservers
  An orc warlord (Orc:2)
  18 very ugly things
  4 spriggan defenders (Depths:1)
  2 war gargoyles
  7 ironbound thunderhulks
  15 stone giants (Depths:1)
  2 vampire knights (Depths:1)
  A deep elf demonologist (Vaults:3)
  An eleionoma (Swamp:3)
  2 bunyips (Swamp:3)
  Azrael (D:14)
  A minotaur (Gauntlet)
  5 spark wasps
  18 dire elephants
  5 ettins
  Josephine (D:14)
  A fire dragon (shapeshifter) (Depths:1)
  A green death (Depths:1)
  A deep elf high priest (Vaults:4)
  4 fire dragons (Depths:1)
  5 great orbs of eyes
  9 ice dragons
  Harold (D:9)
  18 vault guards
  5 yaktaur captains
  4 peacekeepers
  2 rakshasas
  7 hydras
  4 salamander tyrants
  4 ghost crabs
  6 ironbound frosthearts
  3 spriggan air magi (Depths:1)
  9 anacondas
  2 catoblepae
  12 centaur warriors
  11 naga warriors
  7 two-headed ogres
  3 boulder beetles
  2 vampire magi
  12 alligators
  5 deep troll shamans
  6 tengu warriors
  4 deep troll earth magi
  4 orc high priests (Orc:2)
  4 death yaks (Lair:5)
  Urug (D:12)
  19 naga sharpshooters
  A hell hog (Gauntlet)
  A spriggan berserker (Depths:1)
  7 shock serpents
  10 spriggans
  A soul eater (Depths:1)
  15 hell knights
  Sonja (D:11)
  5 iron trolls (Depths:1)
  5 salamander mystics
  Amaemon (D:9)
  Lodul (D:13)
  3 skeletal warriors (D:14)
  4 goliath frogs
  A death drake (Swamp:3)
  2 bunyip zombies (Swamp:4)
  2 glowing orange brains
  9 bog bodies
  11 wizards
  7 naga ritualists
  32 deep trolls
  12 ironbound convokers
  An orb spider (shapeshifter) (Depths:1)
  5 bunyip skeletons (Swamp:4)
  Pikel (D:6)
  2 swamp dragons (Swamp:4)
  12 lindwurms
  4 orc knights
  9 mana vipers
  3 deep elf pyromancers
  5 necromancers
  6 will-o-the-wisps
  2 manticores
  38 ugly things
  A cyclops (D:15)
  14 salamanders
  5 orc sorcerers
  A rust devil (Depths:1)
  2 large abominations (Gauntlet)
  10 elephants (Lair:5)
  10 guardian serpents
  27 black mambas
  15 naga magi
  3 orange demons
  Joseph (D:9)
  19 vault sentinels
  A gargoyle (D:12)
  A komodo dragon (shapeshifter) (D:15)
  8 cane toads
  An unseen horror (D:10)
  2 kobold demonologists
  9 komodo dragons
  2 hellwings (Depths:1)
  7 freezing wraiths
  4 rime drakes
  A tengu conjurer (Gauntlet)
  2 ice devils (Depths:1)
  25 yaktaurs
  7 trolls
  4 polar bears
  8 tyrant leeches
  11 hornets
  4 dream sheep (Lair:3)
  34 slime creatures
  20 blink frogs
  2 shadows
  A water elemental (Depths:1)
  4 vampires
  14 wyverns
  6 basilisks
  8 wraiths
  2 fire elementals (D:14)
  17 humans (D:14)
  3 fire bats (Gauntlet)
  67 yaks
  2 hogs (shapeshifter)
  Grum (D:9)
  17 vampire mosquitoes
  3 chaos spawn (Depths:1)
  4 swamp worm simulacra (Swamp:4)
  14 swamp worms
  5 wargs
  46 nagas
  7 hell hounds
  3 acid dragons
  A floating eye (Depths:1)
  5 water moccasins
  14 hydra simulacra (Swamp:4)
  4 ice beasts
  4 swamp drakes
  38 orc warriors
  A sky beast (D:6)
  2 black bears (D:5)
  12 ogres
  18 wolves
  7 centaurs
  4 lemures (D:6)
  3 kobold brigands
  8 bullfrogs
  3 gnoll sergeants
  3 necrophages
  3 scorpions
  5 wights
  4 small abominations (Gauntlet)
  13 killer bees
  An electric eel (Lair:3)
  4 howler monkeys
  4 hounds
  A gnoll bouda (D:6)
  26 orc priests
  3 jellies
  2 iguanas (D:6)
  31 orc wizards
  Natasha (thrice) (D:3)
  10 hell rats (D:14)
  13 gnolls
  12 adders
  4 shadow imps
  2 white imps
  4 swamp drake simulacra (Swamp:4)
  A worm (D:3)
  3 dart slugs
  82 orcs
  9 endoplasms
  4 giant cockroaches
  13 goblins
  6 hobgoblins
  9 jackals
  12 kobolds
  4 quokkas
  9 ball pythons
  7 bats
  4 frilled lizards
  5 rats
1465 creatures vanquished.

Vanquished Creatures (others)
  A spark wasp (Swamp:1)
  A goliath frog (Swamp:1)
  A wizard (Vaults:4)
  A tyrant leech (Swamp:2)
  A swamp worm (Swamp:4)
  4 demonic plants (Gauntlet)
  16 foxfires
  16 fungi
  79 plants
120 creatures vanquished.

Grand Total: 1585 creatures vanquished

Notes
Turn   | Place    | Note
-------+----------+-------------------------------------------
     0 | D:1      | qw the Gargoyle Fighter began the quest for the Orb.
     0 | D:1      | Reached XP level 1. HP: 14/14 MP: 1/1
     0 | D:1      | 0 ||| qw: Version: 0.2-a-13-gfc7b4b4
     0 | D:1      | 0 ||| qw: Game counter: 1676
     0 | D:1      | 0 ||| qw: Always use a shield: true
     0 | D:1      | 0 ||| qw: God list: Okawaru
     0 | D:1      | 0 ||| qw: Allow faded altars: false
     0 | D:1      | 0 ||| qw: Do Orc after D:15 true
     0 | D:1      | 0 ||| qw: Do second Lair branch before Depths: true
     0 | D:1      | 0 ||| qw: Lair rune preference: random
     0 | D:1      | 0 ||| qw: Plans: Normal, Zot:1-4, God:TSO, Crypt, Tomb,
                  | Pan, Slime:5, Hells, Abyss, Orb
     0 | D:1      | 0 ||| PLANNING D:1-11
   311 | D:1      | Reached XP level 2. HP: 13/19 MP: 2/2
   417 | D:1      | Found a faded altar of an unknown god.
   742 | D:1      | 742 ||| Stepping ~*~*~tactically~*~*~ (hiding).
   761 | D:1      | Reached skill level 3 in Axes
   978 | D:1      | Reached XP level 3. HP: 23/23 MP: 3/3
  1358 | D:1      | 1358 ||| Stepping ~*~*~tactically~*~*~ (stealth).
  1360 | D:1      | 1360 ||| Stepping ~*~*~tactically~*~*~ (stealth).
  1513 | D:1      | 1513 ||| UPGRADING to +1 pair of gloves.
  1518 | D:1      | 1518 ||| READING scroll labelled GUM FIGUMU.
  1523 | D:1      | 1523 ||| READING 3 scrolls labelled BAYTHR GOLIPH.
  1524 | D:1      | 1524 ||| DRINKING 2 silvery potions.
  1525 | D:1      | 1525 ||| DROPPING 2 scrolls of amnesia.
  1580 | D:2      | 1580 ||| Stepping ~*~*~tactically~*~*~ (stealth).
  1586 | D:2      | 1586 ||| Stepping ~*~*~tactically~*~*~ (stealth).
  1587 | D:2      | 1587 ||| Stepping ~*~*~tactically~*~*~ (stealth).
  1628 | D:2      | 1628 ||| Stepping ~*~*~tactically~*~*~ (stealth).
  1629 | D:2      | 1629 ||| Stepping ~*~*~tactically~*~*~ (stealth).
  1735 | D:2      | Found a burning altar of Makhleb.
  1773 | D:2      | 1773 ||| Stepping ~*~*~tactically~*~*~ (stealth).
  1792 | D:2      | 1792 ||| Stepping ~*~*~tactically~*~*~ (stealth).
  1976 | D:2      | Reached XP level 4. HP: 28/28 MP: 4/4
  2340 | D:2      | 2340 ||| READING scroll labelled VOXUTT BIXKOCAIW.
  2341 | D:2      | 2341 ||| READING scroll labelled XECVANN CIELL.
  2342 | D:2      | 2342 ||| READING scroll labelled XOJEMM DONAUTOH.
  2343 | D:2      | 2343 ||| READING scroll labelled JAJERCH GESOBI.
  2676 | D:3      | Found a glowing silver altar of Zin.
  2797 | D:3      | Reached XP level 5. HP: 32/32 MP: 5/5
  2838 | D:3      | Noticed Natasha
  2841 | D:3      | Killed Natasha
  3033 | D:3      | 3033 ||| UPGRADING to +2 cloak.
  3038 | D:3      | 3038 ||| DROPPING amulet of faith.
  3039 | D:3      | 3039 ||| UPGRADING to ring of willpower.
  3040 | D:3      | 3040 ||| READING scroll labelled VOAN METOPH.
  3041 | D:3      | 3041 ||| READING scroll labelled HUTAMP KIGOD.
  3061 | D:3      | Noticed Natasha
  3062 | D:3      | 3062 ||| Stepping ~*~*~tactically~*~*~ (hiding).
  3064 | D:3      | 3064 ||| Stepping ~*~*~tactically~*~*~ (hiding).
  3070 | D:3      | Killed Natasha
  3079 | D:3      | Noticed Natasha
  3080 | D:3      | 3080 ||| Stepping ~*~*~tactically~*~*~ (stealth).
  3081 | D:3      | 3081 ||| Stepping ~*~*~tactically~*~*~ (stealth).
  3093 | D:3      | 3093 ||| DRINKING 5 potions of curing.
  3093 | D:3      | 3093 ||| (to cure confusion)
  3099 | D:3      | Killed Natasha
  3236 | D:4      | 3236 ||| Stepping ~*~*~tactically~*~*~ (stealth).
  3352 | D:4      | 3352 ||| DROPPING +0 club.
  3364 | D:4      | Reached XP level 6. HP: 38/38 MP: 6/6
  3465 | D:4      | 3465 ||| Stepping ~*~*~tactically~*~*~ (hiding).
  3531 | D:4      | Noticed a +0 hand axe
  3531 | D:4      | Noticed a +0 dagger
  3592 | D:4      | Reached skill level 1 in Dodging
  3599 | D:4      | Found a hide-covered altar of Uskayaw.
  3653 | D:4      | Found an ancient bone altar of Kikubaaqudgha.
  4028 | D:4      | 4028 ||| READING scroll labelled DUANGI PIHODUZ.
  4028 | D:4      | Identified a scroll of acquirement
  4028 | D:4      | 4028 ||| ACQUIRING +1 broad axe of freezing
  4028 | D:4      | Acquired a +1 broad axe of freezing
  4030 | D:4      | 4030 ||| SWAPPING to +1 broad axe of freezing.
  4031 | D:4      | 4031 ||| DROPPING +1 war axe.
  4032 | D:4      | 4032 ||| READING 4 scrolls of identify.
  4032 | D:4      | 4032 ||| IDENTIFYING inky potion
  4033 | D:4      | 4033 ||| READING 3 scrolls of identify.
  4033 | D:4      | 4033 ||| IDENTIFYING white potion
  4034 | D:4      | 4034 ||| READING 2 scrolls of identify.
  4034 | D:4      | 4034 ||| IDENTIFYING grey potion
  4060 | D:5      | Entered Level 5 of the Dungeon
  4060 | D:5      | Noticed a wyvern
  4067 | D:5      | Killed a wyvern
  4068 | D:5      | Reached skill level 6 in Axes
  4068 | D:5      | 4068 ||| STAIRDANCE
  4275 | D:5      | Found a broken altar of Ashenzari.
  4277 | D:5      | Found a white marble altar of Elyvilon.
  4280 | D:5      | Found an ornate altar of the Wu Jian Council.
  4291 | D:5      | Reached XP level 7. HP: 40/43 MP: 7/7
  4368 | D:5      | Found a staircase to the Ecumenical Temple.
  4369 | D:5      | 4369 ||| PLANNING TEMPLE
  4369 | D:5      | 4369 ||| READING 2 scrolls of identify.
  4369 | D:5      | 4369 ||| IDENTIFYING red potion
  4370 | D:5      | 4370 ||| DROPPING potion of berserk rage.
  4437 | Temple   | Entered the Ecumenical Temple
  4452 | Temple   | 4452 ||| PLANNING OKAWARU WORSHIP
  4543 | Temple   | Became a worshipper of Warmaster Okawaru
  4544 | Temple   | 4544 ||| PLANNING D:1-11
  4715 | D:5      | Found a runed translucent door.
  4716 | D:5      | Noticed Crazy Yiuf
  4995 | D:5      | Reached * piety under Okawaru
  5047 | D:5      | Reached skill level 1 in Invocations
  5047 | D:5      | Reached XP level 8. HP: 45/50 MP: 8/8
  5233 | D:5      | 5233 ||| READING scroll labelled KOJOOC KAULIO.
  5234 | D:5      | 5234 ||| DRINKING 2 glowing black potions.
  5235 | D:5      | 5235 ||| READING 2 scrolls of identify.
  5235 | D:5      | 5235 ||| IDENTIFYING fizzy inky potion
  5236 | D:5      | 5236 ||| DROPPING potion of flight.
  5270 | D:6      | 5270 ||| Stepping ~*~*~tactically~*~*~ (stealth).
  5287 | D:6      | 5287 ||| INVOKING Heroism.
  5304 | D:6      | 5304 ||| INVOKING Heroism.
  5552 | D:6      | Found the +18 Lear's hauberk
  5598 | D:6      | Reached skill level 3 in Invocations
  6067 | D:6      | 6067 ||| INVOKING Heroism.
  6068 | D:6      | Noticed Pikel
  6084 | D:6      | 6084 ||| INVOKING Heroism.
  6091 | D:6      | Killed Pikel
  6092 | D:6      | Reached XP level 9. HP: 32/54 MP: 8/13
  6252 | D:6      | Reached ** piety under Okawaru
  6384 | D:6      | 6384 ||| UPGRADING to +0 plate armour.
  6386 | D:6      | 6386 ||| UPGRADING to +0 plate armour.
  6388 | D:6      | 6388 ||| INVOKING Heroism.
  6413 | D:6      | Reached skill level 6 in Fighting
  6483 | D:6      | 6483 ||| UPGRADING to +0 plate armour.
  6493 | D:6      | 6493 ||| DROPPING +0 scale mail.
  6517 | D:6      | 6517 ||| INVOKING Heroism.
  6573 | D:6      | 6573 ||| FLEEEEING.
  6608 | D:6      | Reached skill level 9 in Axes
  6687 | D:6      | 6687 ||| READING scroll labelled ONENNURUIQ.
  6688 | D:6      | 6688 ||| READING scroll labelled CASSAH UFIULE.
  6689 | D:6      | 6689 ||| READING 2 scrolls of identify.
  6689 | D:6      | 6689 ||| IDENTIFYING purple potion
  6690 | D:6      | 6690 ||| DROPPING potion of brilliance.
  6691 | D:6      | 6691 ||| READING scroll of teleportation.
  6804 | D:6      | 6804 ||| Stepping randomly (stuck).
  6805 | D:6      | 6805 ||| Stepping randomly (stuck).
  6806 | D:6      | 6806 ||| Stepping randomly (stuck).
  6807 | D:6      | 6807 ||| Stepping randomly (stuck).
  6808 | D:6      | 6808 ||| Stepping randomly (stuck).
  6810 | D:6      | 6810 ||| Stepping randomly (stuck).
  6811 | D:6      | 6811 ||| Stepping randomly (stuck).
  6812 | D:6      | 6812 ||| Stepping randomly (stuck).
  6813 | D:6      | 6813 ||| Stepping randomly (stuck).
  6814 | D:6      | 6814 ||| Stepping randomly (stuck).
  6815 | D:6      | 6815 ||| Stepping randomly (stuck).
  6816 | D:6      | 6816 ||| Stepping randomly (stuck).
  6817 | D:6      | 6817 ||| Stepping randomly (stuck).
  6818 | D:6      | 6818 ||| Stepping randomly (stuck).
  6819 | D:6      | 6819 ||| Stepping randomly (stuck).
  6820 | D:6      | 6820 ||| Stepping randomly (stuck).
  6821 | D:6      | 6821 ||| Stepping randomly (stuck).
  6822 | D:6      | 6822 ||| Stepping randomly (stuck).
  6823 | D:6      | 6823 ||| Stepping randomly (stuck).
  6824 | D:6      | 6824 ||| Stepping randomly (stuck).
  6825 | D:6      | 6825 ||| Stepping randomly (stuck).
  6826 | D:6      | 6826 ||| Stepping randomly (stuck).
  6827 | D:6      | 6827 ||| Stepping randomly (stuck).
  6828 | D:6      | 6828 ||| Stepping randomly (stuck).
  6829 | D:6      | 6829 ||| Stepping randomly (stuck).
  6830 | D:6      | 6830 ||| Stepping randomly (stuck).
  6831 | D:6      | 6831 ||| Stepping randomly (stuck).
  6832 | D:6      | 6832 ||| Stepping randomly (stuck).
  6833 | D:6      | 6833 ||| Stepping randomly (stuck).
  6834 | D:6      | 6834 ||| Stepping randomly (stuck).
  6835 | D:6      | 6835 ||| Stepping randomly (stuck).
  6836 | D:6      | 6836 ||| Stepping randomly (stuck).
  6857 | D:6      | 6857 ||| Stepping ~*~*~tactically~*~*~ (hiding).
  6861 | D:6      | 6861 ||| Stepping ~*~*~tactically~*~*~ (stealth).
  6865 | D:6      | 6865 ||| INVOKING Heroism.
  6884 | D:6      | Reached skill level 6 in Armour
  6913 | D:6      | 6913 ||| INVOKING Heroism.
  6923 | D:6      | 6923 ||| Stepping ~*~*~tactically~*~*~ (stealth).
  6968 | D:6      | Noticed a two-headed ogre
  6969 | D:6      | 6969 ||| INVOKING Heroism.
  6975 | D:6      | Killed a two-headed ogre
  6975 | D:6      | Reached *** piety under Okawaru
  6976 | D:6      | Reached XP level 10. HP: 64/64 MP: 11/14
  7001 | D:6      | 7001 ||| DROPPING ring of magical power.
  7002 | D:6      | 7002 ||| READING scroll labelled VATWIM WEATANG.
  7003 | D:6      | 7003 ||| READING 2 scrolls of identify.
  7003 | D:6      | 7003 ||| IDENTIFYING lumpy cyan potion
  7004 | D:6      | 7004 ||| DROPPING potion of ambrosia.
  7064 | D:7      | 7064 ||| STAIRDANCE
  7078 | D:7      | 7078 ||| STAIRDANCE
  7082 | D:6      | Reached skill level 1 in Throwing
  7084 | D:7      | 7084 ||| STAIRDANCE
  7128 | D:7      | 7128 ||| INVOKING Heroism.
  7147 | D:7      | 7147 ||| Stepping ~*~*~tactically~*~*~ (stealth).
  7148 | D:7      | 7148 ||| STAIRDANCE
  7243 | D:7      | 7243 ||| STAIRDANCE
  7255 | D:7      | 7255 ||| STAIRDANCE
  7263 | D:7      | 7263 ||| STAIRDANCE
  7273 | D:7      | 7273 ||| Stepping ~*~*~tactically~*~*~ (stealth).
  7283 | D:7      | 7283 ||| INVOKING Heroism.
  7313 | D:7      | 7313 ||| Stepping ~*~*~tactically~*~*~ (stealth).
  7334 | D:7      | 7334 ||| Stepping ~*~*~tactically~*~*~ (hiding).
  7348 | D:7      | 7348 ||| Stepping ~*~*~tactically~*~*~ (stealth).
  7359 | D:7      | 7359 ||| Stepping ~*~*~tactically~*~*~ (hiding).
  7562 | D:7      | 7562 ||| READING 2 scrolls of enchant weapon.
  7562 | D:7      | 7562 ||| ENCHANTING +1 vampiric broad axe.
  7563 | D:7      | 7563 ||| READING scroll of enchant weapon.
  7563 | D:7      | 7563 ||| ENCHANTING +2 vampiric broad axe.
  7569 | D:7      | 7569 ||| Stepping ~*~*~tactically~*~*~ (stealth).
  7578 | D:7      | 7578 ||| Stepping ~*~*~tactically~*~*~ (stealth).
  7579 | D:7      | 7579 ||| Stepping ~*~*~tactically~*~*~ (stealth).
  7580 | D:7      | 7580 ||| Stepping ~*~*~tactically~*~*~ (stealth).
  7581 | D:7      | 7581 ||| Stepping ~*~*~tactically~*~*~ (stealth).
  7948 | D:7      | 7948 ||| DROPPING orb of mayhem.
  7949 | D:7      | 7949 ||| UPGRADING to ring of resist corrosion.
  7950 | D:7      | 7950 ||| READING 2 scrolls of identify.
  7950 | D:7      | 7950 ||| IDENTIFYING fuming clear potion
  7968 | D:8      | 7968 ||| STAIRDANCE
  7978 | D:8      | 7978 ||| STAIRDANCE
  8025 | D:8      | 8025 ||| READING scroll of enchant armour.
  8025 | D:8      | 8025 ||| ENCHANTING +1 pair of gloves.
  8029 | D:8      | 8029 ||| Stepping ~*~*~tactically~*~*~ (hiding).
  8030 | D:8      | 8030 ||| Stepping ~*~*~tactically~*~*~ (hiding).
  8043 | D:8      | 8043 ||| Stepping ~*~*~tactically~*~*~ (stealth).
  8045 | D:8      | 8045 ||| Stepping ~*~*~tactically~*~*~ (hiding).
  8050 | D:8      | 8050 ||| INVOKING Heroism.
  8074 | D:8      | Reached **** piety under Okawaru
  8167 | D:8      | Found a staircase to the Lair.
  8179 | D:8      | Received a gift from Okawaru
  8279 | D:8      | 8279 ||| READING scroll of enchant weapon.
  8279 | D:8      | 8279 ||| ENCHANTING +3 vampiric broad axe.
  8287 | D:8      | Reached skill level 6 in Invocations
  8553 | D:8      | 8553 ||| Stepping ~*~*~tactically~*~*~ (stealth).
  8985 | D:8      | 8985 ||| PLANNING LAIR
  8985 | D:8      | 8985 ||| READING 2 scrolls of identify.
  8985 | D:8      | 8985 ||| IDENTIFYING brown potion
  8986 | D:8      | 8986 ||| DROPPING potion of degeneration.
  9054 | Lair:1   | Entered Level 1 of the Lair of Beasts
  9062 | Lair:1   | Noticed a cane toad
  9063 | Lair:1   | 9063 ||| INVOKING Heroism.
  9071 | Lair:1   | Killed a cane toad
  9184 | Lair:1   | 9184 ||| INVOKING Heroism.
  9207 | Lair:1   | Reached XP level 11. HP: 62/69 MP: 16/16
  9222 | Lair:1   | 9222 ||| INVOKING Heroism.
  9276 | Lair:1   | 9276 ||| INVOKING Heroism.
  9351 | Lair:1   | 9351 ||| INVOKING Heroism.
  9712 | Lair:1   | 9712 ||| INVOKING Heroism.
  9970 | Lair:1   | Noticed Gastronok
  9971 | Lair:1   | 9971 ||| Stepping ~*~*~tactically~*~*~ (hiding).
  9974 | Lair:1   | 9974 ||| INVOKING Heroism.
  9991 | Lair:1   | Killed Gastronok
  9992 | Lair:1   | Reached skill level 9 in Invocations
 10033 | Lair:1   | 10033 ||| INVOKING Heroism.
 10055 | Lair:1   | Reached ***** piety under Okawaru
 10221 | Lair:1   | 10221 ||| UPGRADING to +2 hat of stealth.
 10226 | Lair:1   | 10226 ||| UPGRADING to amulet of regeneration.
 10285 | Lair:2   | 10285 ||| INVOKING Heroism.
 10292 | Lair:2   | Reached skill level 9 in Fighting
 10313 | Lair:2   | Noticed a catoblepas
 10316 | Lair:2   | 10316 ||| INVOKING Heroism.
 10317 | Lair:2   | 10317 ||| INVOKING Finesse.
 10326 | Lair:2   | Killed a catoblepas
 10397 | Lair:2   | 10397 ||| INVOKING Heroism.
 10438 | Lair:2   | 10438 ||| Stepping ~*~*~tactically~*~*~ (stealth).
 10440 | Lair:2   | 10440 ||| INVOKING Heroism.
 10454 | Lair:2   | 10454 ||| Stepping ~*~*~tactically~*~*~ (stealth).
 10456 | Lair:2   | 10456 ||| Stepping ~*~*~tactically~*~*~ (stealth).
 10459 | Lair:2   | 10459 ||| Stepping ~*~*~tactically~*~*~ (stealth).
 10464 | Lair:2   | 10464 ||| Stepping ~*~*~tactically~*~*~ (stealth).
 10465 | Lair:2   | 10465 ||| STAIRDANCE
 10472 | Lair:2   | 10472 ||| STAIRDANCE
 10483 | Lair:2   | 10483 ||| STAIRDANCE
 10491 | Lair:2   | 10491 ||| STAIRDANCE
 10496 | Lair:1   | Reached XP level 12. HP: 69/76 MP: 19/19
 10502 | Lair:2   | 10502 ||| STAIRDANCE
 10514 | Lair:2   | 10514 ||| STAIRDANCE
 10529 | Lair:2   | Reached skill level 12 in Axes
 10558 | Lair:2   | 10558 ||| READING scroll of enchant armour.
 10558 | Lair:2   | 10558 ||| ENCHANTING +0 plate armour.
 10673 | Lair:2   | 10673 ||| INVOKING Heroism.
 10682 | Lair:2   | 10682 ||| Stepping ~*~*~tactically~*~*~ (stealth).
 10702 | Lair:2   | Reached skill level 6 in Shields
 10789 | Lair:2   | 10789 ||| INVOKING Heroism.
 10812 | Lair:2   | Found a dark tunnel.
 10813 | Lair:2   | 10813 ||| INVOKING Heroism.
 10817 | Lair:2   | Identified the +4 chain mail of Okawaru's Castigation
                  | {-Tele rElec rC++ Dex+2} (Okawaru gifted it to you on level
                  | 2 of the Lair of Beasts)
 10817 | Lair:2   | Received a gift from Okawaru
 10901 | Lair:2   | 10901 ||| Stepping ~*~*~tactically~*~*~ (stealth).
 10902 | Lair:2   | 10902 ||| INVOKING Heroism.
 10918 | Lair:2   | Reached skill level 9 in Armour
 10926 | Lair:2   | 10926 ||| Stepping ~*~*~tactically~*~*~ (hiding).
 10940 | Lair:2   | 10940 ||| Stepping ~*~*~tactically~*~*~ (stealth).
 10942 | Lair:2   | 10942 ||| Stepping ~*~*~tactically~*~*~ (hiding).
 10944 | Lair:2   | 10944 ||| Stepping ~*~*~tactically~*~*~ (hiding).
 11025 | Lair:2   | 11025 ||| Stepping ~*~*~tactically~*~*~ (stealth).
 11040 | Lair:2   | Found a staircase to the Snake Pit.
 11280 | Lair:3   | 11280 ||| INVOKING Heroism.
 11385 | Lair:3   | 11385 ||| INVOKING Heroism.
 11812 | Lair:3   | 11812 ||| Stepping ~*~*~tactically~*~*~ (hiding).
 11815 | Lair:3   | 11815 ||| Stepping ~*~*~tactically~*~*~ (hiding).
 11931 | Lair:3   | 11931 ||| INVOKING Heroism.
 11977 | Lair:3   | 11977 ||| INVOKING Heroism.
 12023 | Lair:3   | Found a staircase to the Swamp.
 12091 | Lair:3   | 12091 ||| READING scroll labelled LEFERAMUTE.
 12192 | Lair:3   | 12192 ||| READING scroll labelled ROGHAL ISYSUH.
 12222 | Lair:4   | 12222 ||| Stepping ~*~*~tactically~*~*~ (stealth).
 12226 | Lair:4   | 12226 ||| Stepping ~*~*~tactically~*~*~ (stealth).
 12230 | Lair:4   | 12230 ||| INVOKING Heroism.
 12259 | Lair:4   | 12259 ||| READING scroll of enchant armour.
 12259 | Lair:4   | 12259 ||| ENCHANTING +1 plate armour.
 12283 | Lair:4   | Found a staircase to the Slime Pits.
 12284 | Lair:4   | Found a viscous altar of Jiyva.
 12298 | Lair:4   | Noticed a boulder beetle
 12299 | Lair:4   | 12299 ||| INVOKING Heroism.
 12300 | Lair:4   | 12300 ||| INVOKING Finesse.
 12308 | Lair:4   | Killed a boulder beetle
 12354 | Lair:4   | 12354 ||| INVOKING Heroism.
 12457 | Lair:4   | Identified the +6 trident of Adycsyakk {speed, Int+3 Dex+3}
 12506 | Lair:4   | Found a transporter.
 12508 | Lair:4   | Found a transporter.
 12510 | Lair:4   | Noticed qw's ghost (journeyman GrFi)
 12528 | Lair:4   | 12528 ||| INVOKING Heroism.
 12661 | Lair:4   | 12661 ||| Stepping ~*~*~tactically~*~*~ (stealth).
 12662 | Lair:4   | 12662 ||| INVOKING Heroism.
 12663 | Lair:4   | 12663 ||| Stepping ~*~*~tactically~*~*~ (stealth).
 12670 | Lair:4   | 12670 ||| Stepping ~*~*~tactically~*~*~ (stealth).
 12683 | Lair:4   | Reached XP level 13. HP: 82/82 MP: 20/20
 12800 | Lair:4   | 12800 ||| INVOKING Heroism.
 13186 | Lair:5   | Entered Level 5 of the Lair of Beasts
 13189 | Lair:5   | 13189 ||| INVOKING Heroism.
 13190 | Lair:5   | 13190 ||| Stepping ~*~*~tactically~*~*~ (stealth).
 13197 | Lair:5   | 13197 ||| Stepping ~*~*~tactically~*~*~ (stealth).
 13220 | Lair:5   | 13220 ||| Stepping ~*~*~tactically~*~*~ (stealth).
 13314 | Lair:5   | 13314 ||| Stepping ~*~*~tactically~*~*~ (stealth).
 13315 | Lair:5   | 13315 ||| Stepping ~*~*~tactically~*~*~ (stealth).
 13317 | Lair:5   | 13317 ||| Stepping ~*~*~tactically~*~*~ (stealth).
 13318 | Lair:5   | 13318 ||| Stepping ~*~*~tactically~*~*~ (stealth).
 13329 | Lair:5   | 13329 ||| INVOKING Heroism.
 13421 | Lair:5   | 13421 ||| Stepping ~*~*~tactically~*~*~ (stealth).
 13423 | Lair:5   | 13423 ||| Stepping ~*~*~tactically~*~*~ (hiding).
 13431 | Lair:5   | 13431 ||| Stepping ~*~*~tactically~*~*~ (stealth).
 13445 | Lair:5   | 13445 ||| INVOKING Heroism.
 13452 | Lair:5   | Reached ****** piety under Okawaru
 13495 | Lair:5   | 13495 ||| INVOKING Heroism.
 13508 | Lair:5   | Received a gift from Okawaru
 13618 | Lair:5   | 13618 ||| INVOKING Heroism.
 13619 | Lair:5   | 13619 ||| INVOKING Finesse.
 13620 | Lair:5   | 13620 ||| Stepping ~*~*~tactically~*~*~ (stealth).
 13621 | Lair:5   | 13621 ||| Stepping ~*~*~tactically~*~*~ (stealth).
 13657 | Lair:5   | Reached skill level 15 in Axes
 13697 | Lair:5   | 13697 ||| Stepping ~*~*~tactically~*~*~ (stealth).
 13842 | Lair:5   | 13842 ||| Stepping ~*~*~tactically~*~*~ (hiding).
 13963 | Lair:5   | 13963 ||| INVOKING Heroism.
 14324 | Lair:5   | 14324 ||| INVOKING Heroism.
 14325 | Lair:5   | 14325 ||| Stepping ~*~*~tactically~*~*~ (stealth).
 14326 | Lair:5   | 14326 ||| Stepping ~*~*~tactically~*~*~ (stealth).
 14327 | Lair:5   | 14327 ||| INVOKING Finesse.
 14339 | Lair:5   | Gained mutation: Your large and strong wings let you fly.
                  | [Gargoyle growth]
 14339 | Lair:5   | Reached XP level 14. HP: 85/91 MP: 14/21
 14346 | Lair:5   | Reached skill level 12 in Fighting
 14400 | Lair:5   | 14400 ||| PLANNING D:1-11
 14400 | Lair:5   | 14400 ||| UPGRADING to scarf of resistance.
 14410 | Lair:5   | 14410 ||| DROPPING orb of light.
 14559 | D:9      | Noticed Grum
 14560 | D:9      | 14560 ||| INVOKING Heroism.
 14562 | D:9      | 14562 ||| STAIRDANCE
 14573 | D:9      | 14573 ||| STAIRDANCE
 14589 | D:9      | 14589 ||| STAIRDANCE
 14594 | D:9      | 14594 ||| STAIRDANCE
 14599 | D:9      | 14599 ||| INVOKING Finesse.
 14602 | D:9      | Killed Grum
 14662 | D:9      | 14662 ||| DROPPING +0 flail.
 14701 | D:9      | Noticed Amaemon
 14704 | D:9      | 14704 ||| INVOKING Heroism.
 14713 | D:9      | Killed Amaemon
 14729 | D:9      | 14729 ||| DROPPING +0 morningstar.
 14777 | D:9      | Noticed Harold
 14785 | D:9      | Killed Harold
 15070 | D:9      | Noticed Joseph
 15081 | D:9      | Killed Joseph
 15324 | D:9      | Found an opulent altar of Gozag.
 15388 | D:9      | 15388 ||| INVOKING Heroism.
 15705 | D:9      | 15705 ||| DROPPING amulet of magic regeneration.
 15706 | D:9      | 15706 ||| READING 7 scrolls of identify.
 15706 | D:9      | 15706 ||| IDENTIFYING fizzy red potion
 15707 | D:9      | 15707 ||| DROPPING potion of invisibility.
 15754 | D:10     | Entered Level 10 of the Dungeon
 15771 | D:10     | 15771 ||| Stepping ~*~*~tactically~*~*~ (stealth).
 15774 | D:10     | 15774 ||| Stepping ~*~*~tactically~*~*~ (stealth).
 15775 | D:10     | 15775 ||| Stepping ~*~*~tactically~*~*~ (stealth).
 15777 | D:10     | 15777 ||| Stepping ~*~*~tactically~*~*~ (stealth).
 15779 | D:10     | 15779 ||| INVOKING Heroism.
 15829 | D:10     | 15829 ||| Stepping ~*~*~tactically~*~*~ (stealth).
 15831 | D:10     | 15831 ||| Stepping ~*~*~tactically~*~*~ (hiding).
 15966 | D:10     | 15966 ||| INVOKING Heroism.
 15973 | D:10     | 15973 ||| Stepping ~*~*~tactically~*~*~ (stealth).
 15974 | D:10     | 15974 ||| Stepping ~*~*~tactically~*~*~ (stealth).
 16036 | D:10     | You are sucked into a shaft and drop 3 floors!
 16063 | D:13     | 16063 ||| INVOKING Heroism.
 16104 | D:13     | 16104 ||| INVOKING Finesse.
 16109 | D:13     | 16109 ||| INVOKING Heroism.
 16110 | D:13     | 16110 ||| SWAPPING to +1 demon whip of venom.
 16116 | D:13     | 16116 ||| SWAPPING to +4 vampiric broad axe.
 16191 | D:13     | Received a gift from Okawaru
 16222 | D:12     | 16222 ||| INVOKING Heroism.
 16500 | D:11     | 16500 ||| INVOKING Heroism.
 16502 | D:11     | 16502 ||| Stepping ~*~*~tactically~*~*~ (stealth).
 16575 | D:11     | 16575 ||| INVOKING Heroism.
 16643 | D:11     | 16643 ||| Stepping ~*~*~tactically~*~*~ (hiding).
 16668 | D:11     | 16668 ||| Stepping ~*~*~tactically~*~*~ (hiding).
 16669 | D:11     | 16669 ||| Stepping ~*~*~tactically~*~*~ (hiding).
 16699 | D:11     | Found a staircase to the Orcish Mines.
 16764 | D:11     | 16764 ||| Stepping ~*~*~tactically~*~*~ (hiding).
 16769 | D:11     | Received a gift from Okawaru
 16886 | D:11     | Found a blossoming altar of Fedhas.
 16899 | D:11     | Noticed Sonja
 16900 | D:11     | 16900 ||| INVOKING Finesse.
 16915 | D:11     | Killed Sonja
 16963 | D:11     | 16963 ||| INVOKING Heroism.
 16965 | D:11     | 16965 ||| INVOKING Finesse.
 17238 | D:11     | 17238 ||| PLANNING D
 17238 | D:11     | 17238 ||| READING scroll labelled DUITSA ARUY.
 17239 | D:11     | 17239 ||| DRINKING 2 sedimented amethyst potions.
 17276 | D:12     | 17276 ||| Stepping ~*~*~tactically~*~*~ (hiding).
 17277 | D:12     | 17277 ||| Stepping ~*~*~tactically~*~*~ (hiding).
 17278 | D:12     | 17278 ||| Stepping ~*~*~tactically~*~*~ (hiding).
 17279 | D:12     | 17279 ||| Stepping ~*~*~tactically~*~*~ (hiding).
 17280 | D:12     | 17280 ||| Stepping ~*~*~tactically~*~*~ (hiding).
 17644 | D:12     | 17644 ||| Stepping ~*~*~tactically~*~*~ (stealth).
 17646 | D:12     | 17646 ||| Stepping ~*~*~tactically~*~*~ (stealth).
 17647 | D:12     | 17647 ||| Stepping ~*~*~tactically~*~*~ (stealth).
 17650 | D:12     | 17650 ||| INVOKING Heroism.
 17694 | D:12     | 17694 ||| Stepping ~*~*~tactically~*~*~ (hiding).
 17695 | D:12     | 17695 ||| Stepping ~*~*~tactically~*~*~ (hiding).
 17696 | D:12     | 17696 ||| Stepping ~*~*~tactically~*~*~ (hiding).
 17697 | D:12     | 17697 ||| Stepping ~*~*~tactically~*~*~ (hiding).
 17698 | D:12     | 17698 ||| Stepping ~*~*~tactically~*~*~ (hiding).
 17855 | D:12     | Identified the +3 hat of Daisies {Str-2 Int+4 Dex+4}
 18021 | D:12     | Noticed Urug
 18022 | D:12     | 18022 ||| INVOKING Heroism.
 18023 | D:12     | 18023 ||| INVOKING Finesse.
 18033 | D:12     | Killed Urug
 18164 | D:12     | 18164 ||| UPGRADING to +3 hat of Daisies {Str-2 Int+4
                  | Dex+4}.
 18174 | D:12     | 18174 ||| DROPPING +2 hat of stealth.
 18368 | D:13     | 18368 ||| Stepping ~*~*~tactically~*~*~ (hiding).
 18383 | D:13     | Reached skill level 3 in Throwing
 18458 | D:13     | 18458 ||| Stepping ~*~*~tactically~*~*~ (hiding).
 18462 | D:13     | 18462 ||| INVOKING Heroism.
 18480 | D:13     | 18480 ||| Stepping ~*~*~tactically~*~*~ (stealth).
 18505 | D:13     | 18505 ||| INVOKING Heroism.
 18511 | D:13     | Reached skill level 3 in Dodging
 18770 | D:13     | 18770 ||| Stepping ~*~*~tactically~*~*~ (hiding).
 18771 | D:13     | 18771 ||| Stepping ~*~*~tactically~*~*~ (hiding).
 18772 | D:13     | 18772 ||| Stepping ~*~*~tactically~*~*~ (hiding).
 18774 | D:13     | Noticed Lodul
 18775 | D:13     | 18775 ||| INVOKING Heroism.
 18786 | D:13     | Killed Lodul
 18787 | D:13     | Reached XP level 15. HP: 96/96 MP: 20/22
 18973 | D:13     | 18973 ||| INVOKING Heroism.
 19255 | D:13     | 19255 ||| UPGRADING to +0 kite shield.
 19265 | D:13     | 19265 ||| DROPPING +0 buckler.
 19296 | D:14     | 19296 ||| INVOKING Heroism.
 19310 | D:14     | Identified the +0 pair of boots "Semyali" {rElec Regen+}
                  | (Okawaru gifted it to you on level 14 of the Dungeon)
 19310 | D:14     | Received a gift from Okawaru
 19356 | D:14     | Noticed Jorgrun
 19357 | D:14     | 19357 ||| INVOKING Heroism.
 19358 | D:14     | 19358 ||| INVOKING Finesse.
 19376 | D:14     | Killed Jorgrun
 19377 | D:14     | Reached skill level 9 in Shields
 19482 | D:14     | 19482 ||| INVOKING Heroism.
 19483 | D:14     | 19483 ||| INVOKING Finesse.
 19485 | D:14     | 19485 ||| SWAPPING to +1 demon whip of venom.
 19491 | D:14     | 19491 ||| SWAPPING to +4 vampiric broad axe.
 19552 | D:14     | 19552 ||| INVOKING Heroism.
 19559 | D:14     | 19559 ||| Stepping ~*~*~tactically~*~*~ (hiding).
 19560 | D:14     | 19560 ||| SWAPPING to +1 demon whip of venom.
 19561 | D:14     | 19561 ||| INVOKING Finesse.
 19564 | D:14     | 19564 ||| Stepping ~*~*~tactically~*~*~ (outnumbered).
 19566 | D:14     | 19566 ||| Stepping ~*~*~tactically~*~*~ (outnumbered).
 19572 | D:14     | 19572 ||| SWAPPING to +4 vampiric broad axe.
 19589 | D:14     | 19589 ||| SWAPPING to +1 demon whip of venom.
 19596 | D:14     | 19596 ||| Stepping ~*~*~tactically~*~*~ (outnumbered).
 19597 | D:14     | 19597 ||| Stepping ~*~*~tactically~*~*~ (outnumbered).
 19598 | D:14     | 19598 ||| Stepping ~*~*~tactically~*~*~ (outnumbered).
 19604 | D:14     | 19604 ||| Stepping ~*~*~tactically~*~*~ (outnumbered).
 19605 | D:14     | 19605 ||| Stepping ~*~*~tactically~*~*~ (outnumbered).
 19606 | D:14     | 19606 ||| Stepping ~*~*~tactically~*~*~ (outnumbered).
 19607 | D:14     | 19607 ||| Stepping ~*~*~tactically~*~*~ (outnumbered).
 19608 | D:14     | 19608 ||| Stepping ~*~*~tactically~*~*~ (outnumbered).
 19609 | D:14     | 19609 ||| Stepping ~*~*~tactically~*~*~ (outnumbered).
 19610 | D:14     | 19610 ||| Stepping ~*~*~tactically~*~*~ (outnumbered).
 19611 | D:14     | 19611 ||| Stepping ~*~*~tactically~*~*~ (outnumbered).
 19613 | D:14     | 19613 ||| Stepping ~*~*~tactically~*~*~ (outnumbered).
 19614 | D:14     | 19614 ||| Stepping ~*~*~tactically~*~*~ (outnumbered).
 19615 | D:14     | 19615 ||| Stepping ~*~*~tactically~*~*~ (outnumbered).
 19616 | D:14     | 19616 ||| Stepping ~*~*~tactically~*~*~ (outnumbered).
 19617 | D:14     | 19617 ||| Stepping ~*~*~tactically~*~*~ (outnumbered).
 19618 | D:14     | 19618 ||| Stepping ~*~*~tactically~*~*~ (outnumbered).
 19619 | D:14     | 19619 ||| Stepping ~*~*~tactically~*~*~ (outnumbered).
 19620 | D:14     | 19620 ||| Stepping ~*~*~tactically~*~*~ (outnumbered).
 19621 | D:14     | 19621 ||| Stepping ~*~*~tactically~*~*~ (outnumbered).
 19625 | D:14     | 19625 ||| Stepping ~*~*~tactically~*~*~ (outnumbered).
 19626 | D:14     | 19626 ||| INVOKING Finesse.
 19627 | D:14     | 19627 ||| Stepping ~*~*~tactically~*~*~ (outnumbered).
 19629 | D:14     | 19629 ||| INVOKING Heroism.
 19630 | D:14     | 19630 ||| Stepping ~*~*~tactically~*~*~ (outnumbered).
 19631 | D:14     | 19631 ||| Stepping ~*~*~tactically~*~*~ (outnumbered).
 19640 | D:14     | HP: 22/96 [wyvern (8)]
 19641 | D:14     | 19641 ||| READING 6 scrolls of teleportation.
 19642 | D:14     | 19642 ||| DRINKING 6 potions of heal wounds.
 19644 | D:14     | 19644 ||| SWAPPING to +4 vampiric broad axe.
 19661 | D:14     | 19661 ||| INVOKING Heroism.
 19702 | D:14     | 19702 ||| Stepping ~*~*~tactically~*~*~ (hiding).
 19873 | D:14     | Noticed Azrael
 19874 | D:14     | 19874 ||| INVOKING Heroism.
 19875 | D:14     | 19875 ||| INVOKING Finesse.
 19886 | D:14     | Noticed Josephine
 19898 | D:14     | Killed Azrael
 19917 | D:14     | Killed Josephine
 19981 | D:14     | 19981 ||| INVOKING Heroism.
 20036 | D:14     | 20036 ||| INVOKING Heroism.
 20064 | D:14     | Found a gate to the Vaults.
 20066 | D:14     | 20066 ||| INVOKING Heroism.
 20080 | D:14     | Reached skill level 12 in Shields
 20246 | D:14     | 20246 ||| INVOKING Heroism.
 20374 | D:14     | 20374 ||| UPGRADING to +0 pair of boots "Semyali" {rElec
                  | Regen+}.
 20379 | D:14     | 20379 ||| READING scroll labelled ISUAMN JOEPS.
 20394 | D:15     | Entered Level 15 of the Dungeon
 20394 | D:15     | Found a frozen archway.
 20468 | D:15     | 20468 ||| INVOKING Heroism.
 20469 | D:15     | 20469 ||| INVOKING Finesse.
 20553 | D:15     | Found a staircase to the Depths.
 20660 | D:15     | 20660 ||| INVOKING Heroism.
 20665 | D:15     | 20665 ||| Stepping ~*~*~tactically~*~*~ (hiding).
 20672 | D:15     | Received a gift from Okawaru
 20740 | D:15     | Received a gift from Okawaru
 20792 | D:15     | Noticed Roxanne
 20793 | D:15     | 20793 ||| INVOKING Heroism.
 20794 | D:15     | 20794 ||| INVOKING Finesse.
 20812 | D:15     | Killed Roxanne
 21233 | D:15     | 21233 ||| PLANNING ORC
 21319 | Orc:1    | Entered Level 1 of the Orcish Mines
 21322 | Orc:1    | 21322 ||| INVOKING Heroism.
 21351 | Orc:1    | Reached XP level 16. HP: 101/101 MP: 23/23
 21420 | Orc:1    | 21420 ||| Stepping ~*~*~tactically~*~*~ (stealth).
 21421 | Orc:1    | 21421 ||| Stepping ~*~*~tactically~*~*~ (stealth).
 21427 | Orc:1    | 21427 ||| Stepping ~*~*~tactically~*~*~ (stealth).
 21429 | Orc:1    | 21429 ||| Stepping ~*~*~tactically~*~*~ (hiding).
 21430 | Orc:1    | 21430 ||| Stepping ~*~*~tactically~*~*~ (hiding).
 21455 | Orc:1    | 21455 ||| Stepping ~*~*~tactically~*~*~ (stealth).
 21560 | Orc:1    | 21560 ||| INVOKING Heroism.
 21611 | Orc:1    | 21611 ||| Stepping ~*~*~tactically~*~*~ (stealth).
 21613 | Orc:1    | 21613 ||| Stepping ~*~*~tactically~*~*~ (hiding).
 21616 | Orc:1    | 21616 ||| Stepping ~*~*~tactically~*~*~ (hiding).
 21880 | Orc:2    | Entered Level 2 of the Orcish Mines
 21881 | Orc:2    | 21881 ||| PLANNING GAUNTLET
 21881 | Orc:2    | 21881 ||| INVOKING Heroism.
 21882 | Orc:2    | 21882 ||| INVOKING Finesse.
 21883 | Orc:2    | 21883 ||| STAIRDANCE
 21924 | Orc:2    | 21924 ||| STAIRDANCE
 21926 | Orc:1    | 21926 ||| INVOKING Heroism.
 21927 | Orc:1    | 21927 ||| INVOKING Finesse.
 21973 | Orc:2    | 21973 ||| STAIRDANCE
 21981 | Orc:2    | 21981 ||| STAIRDANCE
 21986 | Orc:2    | Found a gate leading to a gauntlet.
 21995 | Orc:2    | Found a staircase to the Elven Halls.
 21999 | Gauntlet | Entered a Gauntlet
 21999 | Gauntlet | Found a transporter.
 21999 | Gauntlet | Found a transporter.
 21999 | Gauntlet | Found a transporter.
 22003 | Gauntlet | Found a transporter.
 22004 | Gauntlet | Found a transporter.
 22013 | Gauntlet | Found a transporter.
 22017 | Gauntlet | Found a transporter.
 22027 | Gauntlet | Found a transporter.
 22038 | Gauntlet | Found a transporter.
 22055 | Gauntlet | Found a transporter.
 22059 | Gauntlet | Found a transporter.
 22069 | Gauntlet | Found a transporter.
 22237 | Gauntlet | 22237 ||| DROPPING +0 cloak of stealth.
 22259 | Gauntlet | 22259 ||| Stepping randomly (stuck).
 22260 | Gauntlet | 22260 ||| Stepping randomly (stuck).
 22261 | Gauntlet | 22261 ||| Stepping randomly (stuck).
 22262 | Gauntlet | 22262 ||| Stepping randomly (stuck).
 22263 | Gauntlet | 22263 ||| Stepping randomly (stuck).
 22264 | Gauntlet | 22264 ||| Stepping randomly (stuck).
 22265 | Gauntlet | 22265 ||| Stepping randomly (stuck).
 22266 | Gauntlet | 22266 ||| Stepping randomly (stuck).
 22267 | Gauntlet | 22267 ||| Stepping randomly (stuck).
 22268 | Gauntlet | 22268 ||| Stepping randomly (stuck).
 22269 | Gauntlet | 22269 ||| Stepping randomly (stuck).
 22270 | Gauntlet | 22270 ||| Stepping randomly (stuck).
 22271 | Gauntlet | 22271 ||| Stepping randomly (stuck).
 22272 | Gauntlet | 22272 ||| Stepping randomly (stuck).
 22273 | Gauntlet | 22273 ||| Stepping randomly (stuck).
 22274 | Gauntlet | 22274 ||| Stepping randomly (stuck).
 22275 | Gauntlet | 22275 ||| Stepping randomly (stuck).
 22276 | Gauntlet | 22276 ||| Stepping randomly (stuck).
 22277 | Gauntlet | 22277 ||| Stepping randomly (stuck).
 22278 | Gauntlet | 22278 ||| Stepping randomly (stuck).
 22279 | Gauntlet | 22279 ||| Stepping randomly (stuck).
 22280 | Gauntlet | 22280 ||| Stepping randomly (stuck).
 22281 | Gauntlet | 22281 ||| Stepping randomly (stuck).
 22282 | Gauntlet | 22282 ||| Stepping randomly (stuck).
 22283 | Gauntlet | 22283 ||| Stepping randomly (stuck).
 22284 | Gauntlet | 22284 ||| Stepping randomly (stuck).
 22285 | Gauntlet | 22285 ||| Stepping randomly (stuck).
 22286 | Gauntlet | 22286 ||| Stepping randomly (stuck).
 22287 | Gauntlet | 22287 ||| Stepping randomly (stuck).
 22288 | Gauntlet | 22288 ||| Stepping randomly (stuck).
 22289 | Gauntlet | 22289 ||| Stepping randomly (stuck).
 22290 | Gauntlet | 22290 ||| Stepping randomly (stuck).
 22291 | Gauntlet | 22291 ||| Stepping randomly (stuck).
 22292 | Gauntlet | 22292 ||| Stepping randomly (stuck).
 22293 | Gauntlet | 22293 ||| Stepping randomly (stuck).
 22294 | Gauntlet | 22294 ||| Stepping randomly (stuck).
 22295 | Gauntlet | 22295 ||| Stepping randomly (stuck).
 22296 | Gauntlet | 22296 ||| Stepping randomly (stuck).
 22297 | Gauntlet | 22297 ||| Stepping randomly (stuck).
 22298 | Gauntlet | 22298 ||| Stepping randomly (stuck).
 22299 | Gauntlet | 22299 ||| Stepping randomly (stuck).
 22300 | Gauntlet | 22300 ||| Stepping randomly (stuck).
 22301 | Gauntlet | 22301 ||| Stepping randomly (stuck).
 22302 | Gauntlet | 22302 ||| Stepping randomly (stuck).
 22303 | Gauntlet | 22303 ||| Stepping randomly (stuck).
 22304 | Gauntlet | 22304 ||| Stepping randomly (stuck).
 22305 | Gauntlet | 22305 ||| Stepping randomly (stuck).
 22306 | Gauntlet | 22306 ||| Stepping randomly (stuck).
 22307 | Gauntlet | 22307 ||| Stepping randomly (stuck).
 22308 | Gauntlet | 22308 ||| Stepping randomly (stuck).
 22309 | Gauntlet | 22309 ||| Stepping randomly (stuck).
 22310 | Gauntlet | 22310 ||| Stepping randomly (stuck).
 22311 | Gauntlet | 22311 ||| Stepping randomly (stuck).
 22312 | Gauntlet | 22312 ||| Stepping randomly (stuck).
 22313 | Gauntlet | 22313 ||| Stepping randomly (stuck).
 22314 | Gauntlet | 22314 ||| Stepping randomly (stuck).
 22315 | Gauntlet | 22315 ||| Stepping randomly (stuck).
 22316 | Gauntlet | 22316 ||| Stepping randomly (stuck).
 22317 | Gauntlet | 22317 ||| Stepping randomly (stuck).
 22318 | Gauntlet | 22318 ||| Stepping randomly (stuck).
 22319 | Gauntlet | 22319 ||| Stepping randomly (stuck).
 22320 | Gauntlet | 22320 ||| Stepping randomly (stuck).
 22321 | Gauntlet | 22321 ||| Stepping randomly (stuck).
 22322 | Gauntlet | 22322 ||| Stepping randomly (stuck).
 22323 | Gauntlet | 22323 ||| Stepping randomly (stuck).
 22324 | Gauntlet | 22324 ||| Stepping randomly (stuck).
 22361 | Gauntlet | 22361 ||| Stepping randomly (stuck).
 22362 | Gauntlet | 22362 ||| Stepping randomly (stuck).
 22363 | Gauntlet | 22363 ||| Stepping randomly (stuck).
 22379 | Gauntlet | 22379 ||| Stepping randomly (stuck).
 22388 | Gauntlet | 22388 ||| Stepping randomly (stuck).
 22443 | Gauntlet | Identified the +5 arbalest of Najic {elec, rElec Str-4
                  | Int+7 Dex+2}
 22443 | Gauntlet | Identified the +7 glaive of Gizen {venom, rElec Str+7
                  | Dex-3}
 22444 | Gauntlet | 22444 ||| INVOKING Heroism.
 22474 | Gauntlet | Identified the ring of the Mutiny {MP+9 Int+3}
 22478 | Gauntlet | 22478 ||| UPGRADING to ring of protection from fire.
 22480 | Gauntlet | 22480 ||| UPGRADING to +1 cloak of willpower.
 22490 | Gauntlet | 22490 ||| DROPPING ring of the Mutiny {MP+9 Int+3}.
 22494 | Orc:2    | 22494 ||| PLANNING ORC
 22599 | Orc:2    | 22599 ||| INVOKING Heroism.
 22627 | Orc:2    | 22627 ||| INVOKING Heroism.
 22724 | Orc:2    | 22724 ||| Stepping ~*~*~tactically~*~*~ (hiding).
 22726 | Orc:2    | 22726 ||| Stepping ~*~*~tactically~*~*~ (hiding).
 22728 | Orc:2    | 22728 ||| Stepping ~*~*~tactically~*~*~ (hiding).
 22730 | Orc:2    | 22730 ||| INVOKING Heroism.
 22755 | Orc:2    | Reached skill level 6 in Throwing
 22758 | Orc:2    | 22758 ||| INVOKING Finesse.
 22809 | Orc:2    | Reached skill level 12 in Armour
 22833 | Orc:2    | 22833 ||| INVOKING Finesse.
 22837 | Orc:2    | 22837 ||| INVOKING Heroism.
 22839 | Orc:2    | HP: 25/104 [orc priest/+0 trident (12)]
 22840 | Orc:2    | 22840 ||| READING 11 scrolls of teleportation.
 22840 | Orc:2    | HP: 12/104 [orc priest/divine providence (15)]
 22841 | Orc:2    | 22841 ||| DRINKING 7 potions of heal wounds.
 22842 | Orc:2    | 22842 ||| DRINKING 6 potions of heal wounds.
 22942 | Orc:2    | 22942 ||| Stepping ~*~*~tactically~*~*~ (hiding).
 22964 | Orc:2    | 22964 ||| INVOKING Heroism.
 23005 | Orc:2    | 23005 ||| Stepping ~*~*~tactically~*~*~ (stealth).
 23006 | Orc:2    | 23006 ||| Stepping ~*~*~tactically~*~*~ (stealth).
 23013 | Orc:2    | 23013 ||| INVOKING Heroism.
 23043 | Orc:2    | Found Boegar's General Store.
 23044 | Orc:2    | Found Emiz's Jewellery Shop.
 23046 | Orc:2    | Found Ungima Acs's Antique Armour Shop.
 23046 | Orc:2    | Found Raeretem's Antique Weapon Boutique.
 23050 | Orc:2    | 23050 ||| BUYING glowing chain mail (232 gold).
 23050 | Orc:2    | Bought a glowing chain mail for 232 gold pieces
 23060 | Orc:2    | 23060 ||| BUYING potion of resistance (160 gold).
 23060 | Orc:2    | Bought a potion of resistance for 160 gold pieces
 23060 | Orc:2    | 23060 ||| BUYING scroll of enchant weapon (120 gold).
 23060 | Orc:2    | Bought a scroll of enchant weapon for 120 gold pieces
 23060 | Orc:2    | 23060 ||| READING scroll of enchant weapon.
 23060 | Orc:2    | 23060 ||| ENCHANTING +4 vampiric broad axe.
 23063 | Orc:2    | 23063 ||| BUYING +6 ring of dexterity (576 gold).
 23063 | Orc:2    | Bought a +6 ring of dexterity for 576 gold pieces
 23063 | Orc:2    | 23063 ||| BUYING amulet of reflection (480 gold).
 23063 | Orc:2    | Bought an amulet of reflection for 480 gold pieces
 23063 | Orc:2    | 23063 ||| BUYING ring "Mianyto" {AC+4 Str+4} (822 gold).
 23063 | Orc:2    | Bought the ring "Mianyto" {AC+4 Str+4} for 822 gold pieces
 23063 | Orc:2    | 23063 ||| BUYING ring of see invisible (240 gold).
 23063 | Orc:2    | Bought a ring of see invisible for 240 gold pieces
 23135 | Orc:2    | 23135 ||| PLANNING SNAKE:1-3
 23135 | Orc:2    | 23135 ||| UPGRADING to +3 plate armour of fire resistance.
 23145 | Orc:2    | 23145 ||| DROPPING +2 plate armour.
 23146 | Orc:2    | 23146 ||| DROPPING +0 chain mail of fire resistance.
 23147 | Orc:2    | 23147 ||| DROPPING +2 fire dragon scales.
 23148 | Orc:2    | 23148 ||| DROPPING +4 chain mail of fire resistance.
 23149 | Orc:2    | 23149 ||| UPGRADING to amulet of reflection.
 23159 | Orc:2    | 23159 ||| DROPPING amulet of regeneration.
 23160 | Orc:2    | 23160 ||| UPGRADING to +6 ring of dexterity.
 23162 | Orc:2    | 23162 ||| UPGRADING to ring "Mianyto" {AC+4 Str+4}.
 23164 | Orc:2    | 23164 ||| UPGRADING to ring of willpower.
 23166 | Orc:2    | 23166 ||| UPGRADING to +6 ring of dexterity.
 23168 | Orc:2    | 23168 ||| UPGRADING to ring of see invisible.
 23170 | Orc:2    | 23170 ||| DROPPING ring of willpower.
 23315 | Snake:1  | Entered Level 1 of the Snake Pit
 23316 | Snake:1  | 23316 ||| Stepping ~*~*~tactically~*~*~ (hiding).
 23324 | Snake:1  | 23324 ||| INVOKING Heroism.
 23329 | Snake:1  | 23329 ||| Stepping ~*~*~tactically~*~*~ (hiding).
 23357 | Snake:1  | Found a runed translucent gate.
 23366 | Snake:1  | Found a runed translucent gate.
 23366 | Snake:1  | Found an opulent altar of Gozag.
 23367 | Snake:1  | Found a runed translucent gate.
 23382 | Snake:1  | Noticed Frances
 23383 | Snake:1  | 23383 ||| INVOKING Heroism.
 23405 | Snake:1  | Killed Frances
 23449 | Snake:1  | 23449 ||| INVOKING Heroism.
 23627 | Snake:1  | 23627 ||| INVOKING Heroism.
 23658 | Snake:1  | Noticed Aizul
 23659 | Snake:1  | 23659 ||| INVOKING Heroism.
 23660 | Snake:1  | 23660 ||| INVOKING Finesse.
 23686 | Snake:1  | Killed Aizul
 23749 | Snake:1  | Found Vuule's Assorted Antiques.
 23749 | Snake:1  | Noticed sleeves's ghost (adept BaSu)
 23825 | Snake:1  | Found Uraareo's Distillery.
 23833 | Snake:1  | 23833 ||| BUYING 2 potions of attraction (78 gold).
 23833 | Snake:1  | Bought 2 potions of attraction for 78 gold pieces
 23833 | Snake:1  | 23833 ||| BUYING potion of attraction (39 gold).
 23833 | Snake:1  | Bought a potion of attraction for 39 gold pieces
 23833 | Snake:1  | 23833 ||| SHOPLISTING potion of experience (650 gold, have
                  | 84).
 23833 | Snake:1  | 23833 ||| BUYING potion of heal wounds (65 gold).
 23833 | Snake:1  | Bought a potion of heal wounds for 65 gold pieces
 23833 | Snake:1  | 23833 ||| SHOPLISTING potion of heal wounds (65 gold, have
                  | 19).
 23833 | Snake:1  | 23833 ||| SHOPLISTING potion of lignification (39 gold,
                  | have 19).
 23833 | Snake:1  | 23833 ||| SHOPLISTING potion of resistance (130 gold, have
                  | 19).
 23882 | Snake:1  | 23882 ||| UPGRADING to +0 tower shield of reflection.
 23892 | Snake:1  | 23892 ||| DROPPING +0 kite shield.
 23893 | Snake:1  | 23893 ||| DRINKING 2 cyan potions.
 23917 | Snake:2  | 23917 ||| Stepping ~*~*~tactically~*~*~ (hiding).
 24043 | Snake:2  | 24043 ||| INVOKING Heroism.
 24147 | Snake:2  | 24147 ||| Stepping ~*~*~tactically~*~*~ (hiding).
 24148 | Snake:2  | 24148 ||| Stepping ~*~*~tactically~*~*~ (hiding).
 24151 | Snake:2  | 24151 ||| INVOKING Heroism.
 24155 | Snake:2  | 24155 ||| Stepping ~*~*~tactically~*~*~ (hiding).
 24196 | Snake:2  | 24196 ||| Stepping ~*~*~tactically~*~*~ (hiding).
 24198 | Snake:2  | 24198 ||| INVOKING Heroism.
 24345 | Snake:2  | Noticed Vashnia
 24346 | Snake:2  | 24346 ||| INVOKING Heroism.
 24347 | Snake:2  | 24347 ||| INVOKING Finesse.
 24380 | Snake:2  | Killed Vashnia
 24381 | Snake:2  | Reached XP level 17. HP: 108/108 MP: 19/24
 24514 | Snake:2  | 24514 ||| Stepping ~*~*~tactically~*~*~ (stealth).
 24516 | Snake:2  | 24516 ||| Stepping ~*~*~tactically~*~*~ (stealth).
 24520 | Snake:2  | 24520 ||| INVOKING Heroism.
 24534 | Snake:2  | Received a gift from Okawaru
 24752 | Snake:2  | Reached skill level 15 in Shields
 24758 | Snake:2  | 24758 ||| Stepping ~*~*~tactically~*~*~ (hiding).
 24761 | Snake:2  | 24761 ||| INVOKING Heroism.
 24959 | Snake:2  | 24959 ||| Stepping ~*~*~tactically~*~*~ (hiding).
 24962 | Snake:2  | 24962 ||| Stepping ~*~*~tactically~*~*~ (hiding).
 25072 | Snake:2  | 25072 ||| DROPPING +2 pair of boots of stealth.
 25135 | Snake:3  | 25135 ||| Stepping ~*~*~tactically~*~*~ (hiding).
 25136 | Snake:3  | 25136 ||| Stepping ~*~*~tactically~*~*~ (hiding).
 25258 | Snake:3  | 25258 ||| Stepping ~*~*~tactically~*~*~ (hiding).
 25383 | Snake:3  | 25383 ||| Stepping ~*~*~tactically~*~*~ (hiding).
 25384 | Snake:3  | 25384 ||| INVOKING Heroism.
 25412 | Snake:3  | 25412 ||| Stepping ~*~*~tactically~*~*~ (hiding).
 25579 | Snake:3  | Found Haeschiy's Magic Scroll Emporium.
 25587 | Snake:3  | 25587 ||| SHOPLISTING scroll of brand weapon (180 gold,
                  | have 130).
 25587 | Snake:3  | 25587 ||| SHOPLISTING scroll of enchant armour (142 gold,
                  | have 130).
 25587 | Snake:3  | 25587 ||| BUYING scroll of teleportation (57 gold).
 25587 | Snake:3  | Bought a scroll of teleportation for 57 gold pieces
 25716 | Snake:3  | 25716 ||| INVOKING Heroism.
 25830 | Snake:3  | 25830 ||| INVOKING Heroism.
 25843 | Snake:3  | 25843 ||| DROPPING +1 demon whip of venom.
 26100 | Snake:3  | 26100 ||| PLANNING SWAMP:1-3
 26285 | Swamp:1  | Entered Level 1 of the Swamp
 26286 | Swamp:1  | 26286 ||| INVOKING Heroism.
 26287 | Swamp:1  | 26287 ||| Stepping ~*~*~tactically~*~*~ (hiding).
 26288 | Swamp:1  | 26288 ||| Stepping ~*~*~tactically~*~*~ (hiding).
 26310 | Swamp:1  | 26310 ||| Stepping ~*~*~tactically~*~*~ (hiding).
 26327 | Swamp:1  | 26327 ||| INVOKING Heroism.
 26344 | Swamp:1  | 26344 ||| Stepping ~*~*~tactically~*~*~ (cloud).
 26381 | Swamp:1  | 26381 ||| INVOKING Heroism.
 26470 | Swamp:1  | 26470 ||| Stepping ~*~*~tactically~*~*~ (hiding).
 26486 | Swamp:1  | 26486 ||| Stepping ~*~*~tactically~*~*~ (hiding).
 26487 | Swamp:1  | 26487 ||| INVOKING Heroism.
 26541 | Swamp:1  | 26541 ||| Stepping ~*~*~tactically~*~*~ (hiding).
 26543 | Swamp:1  | 26543 ||| INVOKING Heroism.
 26661 | Swamp:1  | 26661 ||| Stepping ~*~*~tactically~*~*~ (stealth).
 26662 | Swamp:1  | 26662 ||| Stepping ~*~*~tactically~*~*~ (stealth).
 26669 | Swamp:1  | 26669 ||| INVOKING Heroism.
 26670 | Swamp:1  | 26670 ||| SWAPPING to +0 hand axe of flaming.
 26679 | Swamp:1  | 26679 ||| SWAPPING to +5 vampiric broad axe.
 26774 | Swamp:1  | 26774 ||| Stepping randomly (cloudy).
 26776 | Swamp:1  | 26776 ||| INVOKING Heroism.
 26785 | Swamp:1  | Identified the +7 broad axe "Ileewk" {vorpal, rCorr Int+3
                  | Stlth-} (Okawaru gifted it to you on level 1 of the Swamp)
 26785 | Swamp:1  | Received a gift from Okawaru
 26983 | Swamp:2  | 26983 ||| Stepping ~*~*~tactically~*~*~ (hiding).
 26985 | Swamp:2  | 26985 ||| INVOKING Heroism.
 27046 | Swamp:2  | 27046 ||| Stepping ~*~*~tactically~*~*~ (hiding).
 27189 | Swamp:2  | 27189 ||| Stepping ~*~*~tactically~*~*~ (hiding).
 27190 | Swamp:2  | 27190 ||| Stepping ~*~*~tactically~*~*~ (hiding).
 27344 | Swamp:2  | 27344 ||| INVOKING Heroism.
 27347 | Swamp:2  | 27347 ||| SWAPPING to +0 hand axe of flaming.
 27354 | Swamp:2  | 27354 ||| SWAPPING to +5 vampiric broad axe.
 27506 | Swamp:2  | 27506 ||| INVOKING Heroism.
 27672 | Swamp:2  | 27672 ||| INVOKING Heroism.
 27674 | Swamp:2  | 27674 ||| SWAPPING to +0 hand axe of flaming.
 27684 | Swamp:2  | 27684 ||| SWAPPING to +5 vampiric broad axe.
 27913 | Swamp:3  | 27913 ||| INVOKING Heroism.
 27917 | Swamp:3  | 27917 ||| SWAPPING to +0 hand axe of flaming.
 27931 | Swamp:3  | 27931 ||| SWAPPING to +5 vampiric broad axe.
 27940 | Swamp:3  | 27940 ||| Stepping ~*~*~tactically~*~*~ (hiding).
 27941 | Swamp:3  | 27941 ||| Stepping ~*~*~tactically~*~*~ (hiding).
 27949 | Swamp:3  | 27949 ||| INVOKING Heroism.
 28038 | Swamp:3  | Reached skill level 18 in Axes
 28049 | Swamp:3  | Received a gift from Okawaru
 28087 | Swamp:3  | 28087 ||| INVOKING Heroism.
 28120 | Swamp:3  | 28120 ||| INVOKING Heroism.
 28139 | Swamp:3  | 28139 ||| Stepping ~*~*~tactically~*~*~ (hiding).
 28140 | Swamp:3  | 28140 ||| Stepping ~*~*~tactically~*~*~ (hiding).
 28142 | Swamp:3  | 28142 ||| INVOKING Heroism.
 28155 | Swamp:3  | 28155 ||| Stepping ~*~*~tactically~*~*~ (hiding).
 28211 | Swamp:3  | Reached XP level 18. HP: 114/114 MP: 25/25
 28211 | Swamp:3  | 28211 ||| DROPPING +0 hand axe of flaming.
 28329 | Swamp:3  | 28329 ||| PLANNING SNAKE:4
 28517 | Snake:4  | Entered Level 4 of the Snake Pit
 28518 | Snake:4  | 28518 ||| INVOKING Heroism.
 28519 | Snake:4  | 28519 ||| STAIRDANCE
 28533 | Snake:4  | 28533 ||| STAIRDANCE
 28546 | Snake:4  | 28546 ||| STAIRDANCE
 28565 | Snake:4  | 28565 ||| INVOKING Heroism.
 28576 | Snake:4  | 28576 ||| Stepping ~*~*~tactically~*~*~ (stealth).
 28587 | Snake:4  | 28587 ||| Stepping ~*~*~tactically~*~*~ (stealth).
 28599 | Snake:4  | 28599 ||| Stepping ~*~*~tactically~*~*~ (hiding).
 28600 | Snake:4  | 28600 ||| Stepping ~*~*~tactically~*~*~ (hiding).
 28611 | Snake:4  | 28611 ||| Stepping ~*~*~tactically~*~*~ (hiding).
 28621 | Snake:4  | 28621 ||| INVOKING Heroism.
 28710 | Snake:4  | 28710 ||| Stepping ~*~*~tactically~*~*~ (stealth).
 28722 | Snake:4  | 28722 ||| Stepping ~*~*~tactically~*~*~ (hiding).
 28737 | Snake:4  | 28737 ||| Stepping ~*~*~tactically~*~*~ (hiding).
 28796 | Snake:4  | 28796 ||| Stepping ~*~*~tactically~*~*~ (stealth).
 28797 | Snake:4  | 28797 ||| Stepping ~*~*~tactically~*~*~ (stealth).
 28799 | Snake:4  | 28799 ||| Stepping ~*~*~tactically~*~*~ (stealth).
 28801 | Snake:4  | 28801 ||| INVOKING Heroism.
 28854 | Snake:4  | 28854 ||| INVOKING Heroism.
 28895 | Snake:4  | 28895 ||| INVOKING Heroism.
 28898 | Snake:4  | 28898 ||| Stepping ~*~*~tactically~*~*~ (hiding).
 28899 | Snake:4  | 28899 ||| Stepping ~*~*~tactically~*~*~ (hiding).
 28900 | Snake:4  | 28900 ||| Stepping ~*~*~tactically~*~*~ (hiding).
 28912 | Snake:4  | Reached skill level 18 in Shields
 28925 | Snake:4  | Received a gift from Okawaru
 28936 | Snake:4  | 28936 ||| Stepping ~*~*~tactically~*~*~ (hiding).
 28937 | Snake:4  | 28937 ||| Stepping ~*~*~tactically~*~*~ (hiding).
 28939 | Snake:4  | 28939 ||| Stepping ~*~*~tactically~*~*~ (hiding).
 28940 | Snake:4  | 28940 ||| Stepping ~*~*~tactically~*~*~ (hiding).
 28945 | Snake:4  | 28945 ||| INVOKING Heroism.
 28956 | Snake:4  | 28956 ||| Stepping ~*~*~tactically~*~*~ (hiding).
 28980 | Snake:4  | Received a gift from Okawaru
 28986 | Snake:4  | 28986 ||| DROPPING +1 broad axe of electrocution.
 29145 | Snake:4  | Got a serpentine rune of Zot
 29200 | Snake:4  | 29200 ||| Stepping ~*~*~tactically~*~*~ (stealth).
 29201 | Snake:4  | 29201 ||| INVOKING Heroism.
 29323 | Snake:4  | 29323 ||| Stepping ~*~*~tactically~*~*~ (hiding).
 29325 | Snake:4  | 29325 ||| INVOKING Heroism.
 29356 | Snake:4  | 29356 ||| INVOKING Heroism.
 29410 | Snake:4  | 29410 ||| Stepping ~*~*~tactically~*~*~ (hiding).
 29411 | Snake:4  | 29411 ||| Stepping ~*~*~tactically~*~*~ (hiding).
 29414 | Snake:4  | 29414 ||| INVOKING Heroism.
 29424 | Snake:4  | Received a gift from Okawaru
 29442 | Snake:4  | 29442 ||| Stepping ~*~*~tactically~*~*~ (hiding).
 29457 | Snake:4  | 29457 ||| INVOKING Heroism.
 29464 | Snake:4  | Reached skill level 15 in Fighting
 29499 | Snake:4  | 29499 ||| Stepping ~*~*~tactically~*~*~ (hiding).
 29501 | Snake:4  | 29501 ||| Stepping ~*~*~tactically~*~*~ (hiding).
 29504 | Snake:4  | 29504 ||| Stepping ~*~*~tactically~*~*~ (hiding).
 29506 | Snake:4  | 29506 ||| Stepping ~*~*~tactically~*~*~ (hiding).
 29533 | Snake:4  | 29533 ||| INVOKING Heroism.
 29535 | Snake:4  | Received a gift from Okawaru
 29540 | Snake:4  | 29540 ||| Stepping ~*~*~tactically~*~*~ (hiding).
 29542 | Snake:4  | 29542 ||| Stepping ~*~*~tactically~*~*~ (hiding).
 29658 | Snake:4  | 29658 ||| DROPPING +1 vorpal broad axe.
 29730 | Snake:4  | 29730 ||| Stepping ~*~*~tactically~*~*~ (hiding).
 29731 | Snake:4  | 29731 ||| Stepping ~*~*~tactically~*~*~ (hiding).
 29732 | Snake:4  | 29732 ||| Stepping ~*~*~tactically~*~*~ (hiding).
 29735 | Snake:4  | Noticed Mara
 29737 | Snake:4  | 29737 ||| INVOKING Heroism.
 29739 | Snake:4  | 29739 ||| INVOKING Finesse.
 29745 | Snake:4  | 29745 ||| Stepping ~*~*~tactically~*~*~ (hiding).
 29748 | Snake:4  | 29748 ||| Stepping ~*~*~tactically~*~*~ (hiding).
 29768 | Snake:4  | Noticed qw's illusion
 29771 | Snake:4  | 29771 ||| INVOKING Heroism.
 29818 | Snake:4  | Killed Mara
 29852 | Snake:4  | Found Duuqal's Antique Armour Emporium.
 29862 | Snake:4  | 29862 ||| BUYING pair of slimy gloves (285 gold).
 29862 | Snake:4  | Bought a pair of slimy gloves for 285 gold pieces
 29862 | Snake:4  | Identified the +1 pair of gloves "Bilofosa" {rF+ rCorr}
                  | (You bought it in a shop on level 4 of the Snake Pit)
 29862 | Snake:4  | 29862 ||| SHOPLISTING runed helmet (225 gold, have 112).
 29862 | Snake:4  | 29862 ||| SHOPLISTING runed scarf (240 gold, have 112).
 29862 | Snake:4  | 29862 ||| SHOPLISTING slimy chain mail (285 gold, have
                  | 112).
 29899 | Snake:4  | 29899 ||| PLANNING VAULTS:1-4
 29899 | Snake:4  | 29899 ||| UPGRADING to +1 pair of gloves "Bilofosa" {rF+
                  | rCorr}.
 30183 | Vaults:1 | Entered Level 1 of the Vaults
 30184 | Vaults:1 | 30184 ||| INVOKING Heroism.
 30505 | Vaults:1 | 30505 ||| Stepping ~*~*~tactically~*~*~ (hiding).
 30507 | Vaults:1 | 30507 ||| Stepping ~*~*~tactically~*~*~ (hiding).
 30508 | Vaults:1 | 30508 ||| Stepping ~*~*~tactically~*~*~ (hiding).
 30512 | Vaults:1 | 30512 ||| INVOKING Heroism.
 30518 | Vaults:1 | Reached XP level 19. HP: 124/124 MP: 23/26
 30851 | Vaults:1 | 30851 ||| READING 17 scrolls of teleportation.
 30858 | Vaults:1 | 30858 ||| INVOKING Heroism.
 30943 | Vaults:1 | 30943 ||| INVOKING Heroism.
 30961 | Vaults:1 | Reached skill level 9 in Throwing
 31005 | Vaults:1 | 31005 ||| INVOKING Heroism.
 31024 | Vaults:1 | Received a gift from Okawaru
 31194 | Vaults:1 | 31194 ||| Stepping ~*~*~tactically~*~*~ (hiding).
 31207 | Vaults:1 | 31207 ||| Stepping ~*~*~tactically~*~*~ (hiding).
 31383 | Vaults:1 | 31383 ||| INVOKING Heroism.
 31493 | Vaults:1 | 31493 ||| Stepping ~*~*~tactically~*~*~ (hiding).
 31501 | Vaults:1 | 31501 ||| INVOKING Heroism.
 31502 | Vaults:1 | 31502 ||| INVOKING Finesse.
 31527 | Vaults:1 | 31527 ||| Stepping ~*~*~tactically~*~*~ (hiding).
 31667 | Vaults:1 | 31667 ||| Stepping ~*~*~tactically~*~*~ (hiding).
 31962 | Vaults:2 | 31962 ||| Stepping ~*~*~tactically~*~*~ (stealth).
 31963 | Vaults:2 | 31963 ||| Stepping ~*~*~tactically~*~*~ (stealth).
 32062 | Vaults:2 | 32062 ||| INVOKING Heroism.
 32093 | Vaults:2 | 32093 ||| INVOKING Finesse.
 32267 | Vaults:2 | 32267 ||| INVOKING Heroism.
 32331 | Vaults:2 | 32331 ||| FLEEEEING.
 32332 | Vaults:2 | 32332 ||| FLEEEEING.
 32333 | Vaults:2 | 32333 ||| FLEEEEING.
 32335 | Vaults:2 | 32335 ||| FLEEEEING.
 32338 | Vaults:2 | 32338 ||| INVOKING Heroism.
 32344 | Vaults:2 | Reached skill level 15 in Armour
 32468 | Vaults:2 | 32468 ||| INVOKING Heroism.
 32577 | Vaults:2 | 32577 ||| Stepping ~*~*~tactically~*~*~ (hiding).
 32581 | Vaults:2 | 32581 ||| INVOKING Heroism.
 32584 | Vaults:2 | 32584 ||| INVOKING Finesse.
 32588 | Vaults:2 | 32588 ||| Stepping ~*~*~tactically~*~*~ (hiding).
 32656 | Vaults:2 | Received a gift from Okawaru
 32750 | Vaults:2 | 32750 ||| Stepping ~*~*~tactically~*~*~ (hiding).
 32754 | Vaults:2 | 32754 ||| Stepping ~*~*~tactically~*~*~ (stealth).
 32763 | Vaults:2 | 32763 ||| INVOKING Heroism.
 33164 | Vaults:2 | 33164 ||| Stepping ~*~*~tactically~*~*~ (hiding).
 33189 | Vaults:2 | 33189 ||| DROPPING +6 ring of intelligence.
 33349 | Vaults:3 | 33349 ||| INVOKING Heroism.
 33354 | Vaults:3 | Reached XP level 20. HP: 134/134 MP: 24/27
 33451 | Vaults:3 | 33451 ||| INVOKING Heroism.
 33459 | Vaults:3 | 33459 ||| Stepping ~*~*~tactically~*~*~ (hiding).
 33474 | Vaults:3 | Noticed a Tzitzimitl
 33475 | Vaults:3 | 33475 ||| INVOKING Finesse.
 33519 | Vaults:3 | 33519 ||| FLEEEEING.
 33520 | Vaults:3 | 33520 ||| FLEEEEING.
 33521 | Vaults:3 | 33521 ||| FLEEEEING.
 33527 | Vaults:3 | 33527 ||| INVOKING Heroism.
 33639 | Vaults:3 | 33639 ||| INVOKING Heroism.
 33665 | Vaults:3 | Reached skill level 6 in Dodging
 33684 | Vaults:3 | 33684 ||| Stepping ~*~*~tactically~*~*~ (stealth).
 33712 | Vaults:3 | 33712 ||| INVOKING Heroism.
 33791 | Vaults:3 | 33791 ||| Stepping ~*~*~tactically~*~*~ (hiding).
 33966 | Vaults:3 | Found a staircase to the Crypt.
 34170 | Vaults:3 | Identified the +0 scale mail "Lizaotul" {Dex+2} (Okawaru
                  | gifted it to you on level 3 of the Vaults)
 34170 | Vaults:3 | Received a gift from Okawaru
 34202 | Vaults:3 | 34202 ||| Stepping ~*~*~tactically~*~*~ (hiding).
 34283 | Vaults:3 | 34283 ||| FLEEEEING.
 34284 | Vaults:3 | 34284 ||| FLEEEEING.
 34289 | Vaults:3 | 34289 ||| FLEEEEING.
 34297 | Vaults:3 | 34297 ||| FLEEEEING.
 34298 | Vaults:3 | 34298 ||| FLEEEEING.
 34303 | Vaults:3 | 34303 ||| FLEEEEING.
 34304 | Vaults:3 | 34304 ||| FLEEEEING.
 34305 | Vaults:3 | 34305 ||| FLEEEEING.
 34306 | Vaults:3 | 34306 ||| FLEEEEING.
 34312 | Vaults:3 | 34312 ||| FLEEEEING.
 34313 | Vaults:3 | 34313 ||| FLEEEEING.
 34314 | Vaults:3 | 34314 ||| FLEEEEING.
 34315 | Vaults:3 | 34315 ||| FLEEEEING.
 34316 | Vaults:3 | 34316 ||| FLEEEEING.
 34317 | Vaults:3 | 34317 ||| FLEEEEING.
 34318 | Vaults:3 | 34318 ||| FLEEEEING.
 34319 | Vaults:3 | 34319 ||| FLEEEEING.
 34320 | Vaults:3 | 34320 ||| FLEEEEING.
 34321 | Vaults:3 | 34321 ||| FLEEEEING.
 34322 | Vaults:3 | 34322 ||| FLEEEEING.
 34323 | Vaults:3 | 34323 ||| FLEEEEING.
 34324 | Vaults:3 | 34324 ||| FLEEEEING.
 34336 | Vaults:3 | 34336 ||| FLEEEEING.
 34337 | Vaults:3 | 34337 ||| FLEEEEING.
 34338 | Vaults:3 | 34338 ||| Stepping ~*~*~tactically~*~*~ (hiding).
 34342 | Vaults:3 | 34342 ||| FLEEEEING.
 34343 | Vaults:3 | 34343 ||| FLEEEEING.
 34344 | Vaults:3 | 34344 ||| FLEEEEING.
 34345 | Vaults:3 | 34345 ||| FLEEEEING.
 34346 | Vaults:3 | 34346 ||| FLEEEEING.
 34348 | Vaults:3 | 34348 ||| FLEEEEING.
 34349 | Vaults:3 | 34349 ||| FLEEEEING.
 34350 | Vaults:3 | 34350 ||| FLEEEEING.
 34351 | Vaults:3 | 34351 ||| FLEEEEING.
 34352 | Vaults:3 | 34352 ||| FLEEEEING.
 34353 | Vaults:3 | 34353 ||| FLEEEEING.
 34354 | Vaults:3 | 34354 ||| FLEEEEING.
 34612 | Vaults:3 | 34612 ||| FLEEEEING.
 34613 | Vaults:3 | 34613 ||| FLEEEEING.
 34614 | Vaults:3 | 34614 ||| FLEEEEING.
 34615 | Vaults:3 | 34615 ||| FLEEEEING.
 34662 | Vaults:3 | 34662 ||| INVOKING Heroism.
 35093 | Vaults:3 | 35093 ||| UPGRADING to +2 tower shield.
 35103 | Vaults:3 | 35103 ||| DROPPING +0 tower shield of reflection.
 35135 | Vaults:4 | 35135 ||| INVOKING Heroism.
 35298 | Vaults:4 | 35298 ||| READING scroll of enchant armour.
 35298 | Vaults:4 | 35298 ||| ENCHANTING +3 plate armour of fire resistance.
 35326 | Vaults:4 | 35326 ||| Stepping ~*~*~tactically~*~*~ (stealth).
 35328 | Vaults:4 | 35328 ||| Stepping ~*~*~tactically~*~*~ (stealth).
 35329 | Vaults:4 | 35329 ||| Stepping ~*~*~tactically~*~*~ (stealth).
 35407 | Vaults:4 | 35407 ||| INVOKING Heroism.
 35441 | Vaults:4 | 35441 ||| Stepping ~*~*~tactically~*~*~ (stealth).
 35466 | Vaults:4 | 35466 ||| INVOKING Heroism.
 35514 | Vaults:4 | Reached skill level 18 in Fighting
 35652 | Vaults:4 | Found Cixieriy's Distillery.
 35670 | Vaults:4 | 35670 ||| BUYING 2 potions of haste (340 gold).
 35670 | Vaults:4 | Bought 2 potions of haste for 340 gold pieces
 35670 | Vaults:4 | 35670 ||| SHOPLISTING 2 potions of heal wounds (170 gold,
                  | have 80).
 35670 | Vaults:4 | 35670 ||| SHOPLISTING potion of cancellation (136 gold,
                  | have 80).
 35670 | Vaults:4 | 35670 ||| BUYING potion of curing (51 gold).
 35670 | Vaults:4 | Bought a potion of curing for 51 gold pieces
 35670 | Vaults:4 | 35670 ||| SHOPLISTING potion of haste (170 gold, have 29).
 35670 | Vaults:4 | 35670 ||| SHOPLISTING potion of magic (136 gold, have 29).
 35670 | Vaults:4 | 35670 ||| SHOPLISTING potion of might (68 gold, have 29).
 35670 | Vaults:4 | 35670 ||| SHOPLISTING potion of mutation (136 gold, have
                  | 29).
 35674 | Vaults:4 | 35674 ||| INVOKING Heroism.
 35796 | Vaults:4 | Paralysed by a sphinx for 5 turns
 35806 | Vaults:4 | 35806 ||| INVOKING Heroism.
 35864 | Vaults:4 | 35864 ||| INVOKING Heroism.
 35869 | Vaults:4 | Received a gift from Okawaru
 36134 | Vaults:4 | 36134 ||| READING scroll of enchant armour.
 36134 | Vaults:4 | 36134 ||| ENCHANTING +4 plate armour of fire resistance.
 36241 | Vaults:4 | 36241 ||| Stepping ~*~*~tactically~*~*~ (hiding).
 36244 | Vaults:4 | 36244 ||| Stepping ~*~*~tactically~*~*~ (hiding).
 36449 | Vaults:4 | 36449 ||| Stepping ~*~*~tactically~*~*~ (stealth).
 36451 | Vaults:4 | 36451 ||| INVOKING Heroism.
 36469 | Vaults:4 | Reached XP level 21. HP: 141/141 MP: 28/28
 36702 | Vaults:4 | 36702 ||| PLANNING SWAMP:4
 36702 | Vaults:4 | 36702 ||| DROPPING scarf of invisibility.
 37161 | Swamp:4  | Entered Level 4 of the Swamp
 37168 | Swamp:4  | Received a gift from Okawaru
 37204 | Swamp:4  | 37204 ||| INVOKING Heroism.
 37270 | Swamp:4  | 37270 ||| Stepping ~*~*~tactically~*~*~ (cloud).
 37276 | Swamp:4  | 37276 ||| Stepping ~*~*~tactically~*~*~ (stealth).
 37533 | Swamp:4  | Found an ancient bone altar of Kikubaaqudgha.
 37534 | Swamp:4  | 37534 ||| INVOKING Heroism.
 37619 | Swamp:4  | 37619 ||| Stepping ~*~*~tactically~*~*~ (hiding).
 37675 | Swamp:4  | 37675 ||| PLANNING SWAMP:1-3
 37703 | Swamp:3  | 37703 ||| PLANNING SWAMP:4
 37705 | Swamp:4  | 37705 ||| PLANNING SWAMP:1-3
 37705 | Swamp:4  | 37705 ||| READING 18 scrolls of teleportation.
 37706 | Swamp:4  | 37706 ||| STAIRDANCE
 37709 | Swamp:3  | 37709 ||| PLANNING SWAMP:4
 37762 | Swamp:4  | 37762 ||| PLANNING SWAMP:1-3
 37781 | Swamp:3  | 37781 ||| PLANNING SWAMP:4
 37783 | Swamp:4  | 37783 ||| PLANNING SWAMP:1-3
 37783 | Swamp:4  | 37783 ||| READING 17 scrolls of teleportation.
 37784 | Swamp:4  | 37784 ||| STAIRDANCE
 37788 | Swamp:3  | 37788 ||| PLANNING SWAMP:4
 37849 | Swamp:4  | 37849 ||| PLANNING SWAMP:1-3
 37870 | Swamp:3  | 37870 ||| PLANNING SWAMP:4
 37872 | Swamp:4  | 37872 ||| PLANNING SWAMP:1-3
 37872 | Swamp:4  | 37872 ||| READING 16 scrolls of teleportation.
 37873 | Swamp:4  | 37873 ||| STAIRDANCE
 37876 | Swamp:3  | 37876 ||| PLANNING SWAMP:4
 37912 | Swamp:4  | 37912 ||| PLANNING SWAMP:1-3
 37928 | Swamp:3  | 37928 ||| PLANNING SWAMP:4
 37950 | Swamp:4  | 37950 ||| Stepping ~*~*~tactically~*~*~ (hiding).
 37953 | Swamp:4  | 37953 ||| Stepping ~*~*~tactically~*~*~ (hiding).
 37965 | Swamp:4  | 37965 ||| PLANNING SWAMP:1-3
 37987 | Swamp:3  | 37987 ||| PLANNING SWAMP:4
 38032 | Swamp:4  | 38032 ||| PLANNING SWAMP:1-3
 38043 | Swamp:3  | 38043 ||| PLANNING SWAMP:4
 38045 | Swamp:4  | 38045 ||| PLANNING SWAMP:1-3
 38045 | Swamp:4  | 38045 ||| READING 15 scrolls of teleportation.
 38046 | Swamp:4  | 38046 ||| STAIRDANCE
 38048 | Swamp:3  | 38048 ||| PLANNING SWAMP:4
 38090 | Swamp:4  | 38090 ||| PLANNING SWAMP:1-3
 38106 | Swamp:3  | 38106 ||| PLANNING SWAMP:4
 38108 | Swamp:4  | 38108 ||| PLANNING SWAMP:1-3
 38108 | Swamp:4  | 38108 ||| READING 14 scrolls of teleportation.
 38109 | Swamp:4  | 38109 ||| STAIRDANCE
 38111 | Swamp:3  | 38111 ||| PLANNING SWAMP:4
 38134 | Swamp:4  | 38134 ||| PLANNING SWAMP:1-3
 38135 | Swamp:4  | 38135 ||| Stepping ~*~*~tactically~*~*~ (stealth).
 38137 | Swamp:4  | 38137 ||| Stepping ~*~*~tactically~*~*~ (stealth).
 38138 | Swamp:4  | 38138 ||| Stepping ~*~*~tactically~*~*~ (stealth).
 38162 | Swamp:3  | 38162 ||| PLANNING SWAMP:4
 38164 | Swamp:4  | 38164 ||| PLANNING SWAMP:1-3
 38164 | Swamp:4  | 38164 ||| READING 13 scrolls of teleportation.
 38165 | Swamp:4  | 38165 ||| STAIRDANCE
 38167 | Swamp:3  | 38167 ||| PLANNING SWAMP:4
 38199 | Swamp:4  | 38199 ||| PLANNING SWAMP:1-3
 38215 | Swamp:3  | 38215 ||| PLANNING SWAMP:4
 38217 | Swamp:4  | 38217 ||| PLANNING SWAMP:1-3
 38217 | Swamp:4  | 38217 ||| READING 12 scrolls of teleportation.
 38218 | Swamp:4  | 38218 ||| STAIRDANCE
 38220 | Swamp:3  | 38220 ||| PLANNING SWAMP:4
 38244 | Swamp:4  | 38244 ||| PLANNING SWAMP:1-3
 38260 | Swamp:3  | 38260 ||| PLANNING SWAMP:4
 38262 | Swamp:4  | 38262 ||| PLANNING SWAMP:1-3
 38262 | Swamp:4  | 38262 ||| READING 11 scrolls of teleportation.
 38263 | Swamp:4  | 38263 ||| STAIRDANCE
 38266 | Swamp:3  | 38266 ||| PLANNING SWAMP:4
 38288 | Swamp:4  | 38288 ||| PLANNING SWAMP:1-3
 38309 | Swamp:3  | 38309 ||| PLANNING SWAMP:4
 38311 | Swamp:4  | 38311 ||| PLANNING SWAMP:1-3
 38311 | Swamp:4  | 38311 ||| READING 10 scrolls of teleportation.
 38312 | Swamp:4  | 38312 ||| STAIRDANCE
 38316 | Swamp:3  | 38316 ||| PLANNING SWAMP:4
 38334 | Swamp:4  | 38334 ||| PLANNING SWAMP:1-3
 38350 | Swamp:3  | 38350 ||| PLANNING SWAMP:4
 38352 | Swamp:4  | 38352 ||| PLANNING SWAMP:1-3
 38352 | Swamp:4  | 38352 ||| READING 9 scrolls of teleportation.
 38353 | Swamp:4  | 38353 ||| STAIRDANCE
 38357 | Swamp:3  | 38357 ||| PLANNING SWAMP:4
 38393 | Swamp:4  | 38393 ||| PLANNING SWAMP:1-3
 38415 | Swamp:3  | 38415 ||| PLANNING SWAMP:4
 38417 | Swamp:4  | 38417 ||| PLANNING SWAMP:1-3
 38417 | Swamp:4  | 38417 ||| READING 8 scrolls of teleportation.
 38418 | Swamp:4  | 38418 ||| STAIRDANCE
 38422 | Swamp:3  | 38422 ||| PLANNING SWAMP:4
 38465 | Swamp:4  | 38465 ||| PLANNING SWAMP:1-3
 38481 | Swamp:3  | 38481 ||| PLANNING SWAMP:4
 38483 | Swamp:4  | 38483 ||| PLANNING SWAMP:1-3
 38483 | Swamp:4  | 38483 ||| READING 7 scrolls of teleportation.
 38484 | Swamp:4  | 38484 ||| STAIRDANCE
 38488 | Swamp:3  | 38488 ||| PLANNING SWAMP:4
 38514 | Swamp:4  | 38514 ||| PLANNING SWAMP:1-3
 38532 | Swamp:3  | 38532 ||| PLANNING SWAMP:4
 38534 | Swamp:4  | 38534 ||| PLANNING SWAMP:1-3
 38534 | Swamp:4  | 38534 ||| READING 6 scrolls of teleportation.
 38535 | Swamp:4  | 38535 ||| STAIRDANCE
 38538 | Swamp:3  | 38538 ||| PLANNING SWAMP:4
 38593 | Swamp:4  | 38593 ||| PLANNING SWAMP:1-3
 38609 | Swamp:3  | 38609 ||| PLANNING SWAMP:4
 38611 | Swamp:4  | 38611 ||| PLANNING SWAMP:1-3
 38611 | Swamp:4  | 38611 ||| READING 5 scrolls of teleportation.
 38612 | Swamp:4  | 38612 ||| STAIRDANCE
 38615 | Swamp:3  | 38615 ||| PLANNING SWAMP:4
 38664 | Swamp:4  | 38664 ||| PLANNING SWAMP:1-3
 38681 | Swamp:3  | 38681 ||| PLANNING SWAMP:4
 38683 | Swamp:4  | 38683 ||| PLANNING SWAMP:1-3
 38683 | Swamp:4  | 38683 ||| READING 4 scrolls of teleportation.
 38684 | Swamp:4  | 38684 ||| STAIRDANCE
 38687 | Swamp:3  | 38687 ||| PLANNING SWAMP:4
 38715 | Swamp:4  | 38715 ||| PLANNING SWAMP:1-3
 38715 | Swamp:4  | 38715 ||| READING 3 scrolls of teleportation.
 38750 | Swamp:3  | 38750 ||| PLANNING SWAMP:4
 38752 | Swamp:4  | 38752 ||| PLANNING SWAMP:1-3
 38752 | Swamp:4  | 38752 ||| READING 2 scrolls of teleportation.
 38753 | Swamp:4  | 38753 ||| STAIRDANCE
 38757 | Swamp:3  | 38757 ||| PLANNING SWAMP:4
 38803 | Swamp:4  | 38803 ||| PLANNING SWAMP:1-3
 38810 | Swamp:4  | 38810 ||| Stepping ~*~*~tactically~*~*~ (cloud).
 38838 | Swamp:3  | 38838 ||| PLANNING SWAMP:4
 38840 | Swamp:4  | 38840 ||| PLANNING SWAMP:1-3
 38840 | Swamp:4  | 38840 ||| READING scroll of teleportation.
 38841 | Swamp:4  | 38841 ||| STAIRDANCE
 38844 | Swamp:3  | 38844 ||| PLANNING SWAMP:4
 38891 | Swamp:4  | 38891 ||| PLANNING SWAMP:1-3
 38891 | Swamp:4  | 38891 ||| Stepping randomly (stuck).
 38905 | Swamp:3  | 38905 ||| PLANNING SWAMP:4
 38919 | Swamp:4  | 38919 ||| PLANNING SWAMP:1-3
 38935 | Swamp:3  | 38935 ||| PLANNING SWAMP:4
 38937 | Swamp:4  | 38937 ||| PLANNING SWAMP:1-3
 38937 | Swamp:4  | 38937 ||| Stepping randomly (stuck).
 38941 | Swamp:3  | 38941 ||| PLANNING SWAMP:4
 38962 | Swamp:4  | 38962 ||| PLANNING SWAMP:1-3
 38983 | Swamp:3  | 38983 ||| PLANNING SWAMP:4
 38985 | Swamp:4  | 38985 ||| PLANNING SWAMP:1-3
 38985 | Swamp:4  | 38985 ||| Stepping randomly (stuck).
 38989 | Swamp:3  | 38989 ||| PLANNING SWAMP:4
 39007 | Swamp:4  | Identified the +2 cloak of the Flute {Fly} (Okawaru gifted
                  | it to you on level 4 of the Swamp)
 39007 | Swamp:4  | Received a gift from Okawaru
 39010 | Swamp:4  | 39010 ||| DROPPING +2 cloak of the Flute {Fly}.
 39011 | Swamp:4  | 39011 ||| PLANNING SWAMP:1-3
 39025 | Swamp:3  | 39025 ||| PLANNING SWAMP:4
 39027 | Swamp:4  | 39027 ||| PLANNING SWAMP:1-3
 39027 | Swamp:4  | 39027 ||| Stepping randomly (stuck).
 39031 | Swamp:3  | 39031 ||| PLANNING SWAMP:4
 39045 | Swamp:4  | 39045 ||| PLANNING SWAMP:1-3
 39060 | Swamp:3  | 39060 ||| PLANNING SWAMP:4
 39075 | Swamp:4  | 39075 ||| PLANNING SWAMP:1-3
 39092 | Swamp:3  | 39092 ||| PLANNING SWAMP:4
 39094 | Swamp:4  | 39094 ||| PLANNING SWAMP:1-3
 39094 | Swamp:4  | 39094 ||| Stepping randomly (stuck).
 39098 | Swamp:3  | 39098 ||| PLANNING SWAMP:4
 39112 | Swamp:4  | 39112 ||| PLANNING SWAMP:1-3
 39128 | Swamp:3  | 39128 ||| PLANNING SWAMP:4
 39130 | Swamp:4  | 39130 ||| PLANNING SWAMP:1-3
 39130 | Swamp:4  | 39130 ||| Stepping randomly (stuck).
 39134 | Swamp:3  | 39134 ||| PLANNING SWAMP:4
 39154 | Swamp:4  | 39154 ||| PLANNING SWAMP:1-3
 39176 | Swamp:3  | 39176 ||| PLANNING SWAMP:4
 39178 | Swamp:4  | 39178 ||| PLANNING SWAMP:1-3
 39178 | Swamp:4  | 39178 ||| Stepping randomly (stuck).
 39182 | Swamp:3  | 39182 ||| PLANNING SWAMP:4
 39202 | Swamp:4  | 39202 ||| PLANNING SWAMP:1-3
 39218 | Swamp:3  | 39218 ||| PLANNING SWAMP:4
 39220 | Swamp:4  | 39220 ||| PLANNING SWAMP:1-3
 39220 | Swamp:4  | 39220 ||| Stepping randomly (stuck).
 39224 | Swamp:3  | 39224 ||| PLANNING SWAMP:4
 39239 | Swamp:4  | 39239 ||| PLANNING SWAMP:1-3
 39255 | Swamp:3  | 39255 ||| PLANNING SWAMP:4
 39257 | Swamp:4  | 39257 ||| PLANNING SWAMP:1-3
 39257 | Swamp:4  | 39257 ||| Stepping randomly (stuck).
 39261 | Swamp:3  | 39261 ||| PLANNING SWAMP:4
 39275 | Swamp:4  | 39275 ||| PLANNING SWAMP:1-3
 39291 | Swamp:3  | 39291 ||| PLANNING SWAMP:4
 39293 | Swamp:4  | 39293 ||| PLANNING SWAMP:1-3
 39293 | Swamp:4  | 39293 ||| Stepping randomly (stuck).
 39297 | Swamp:3  | 39297 ||| PLANNING SWAMP:4
 39316 | Swamp:4  | 39316 ||| PLANNING SWAMP:1-3
 39336 | Swamp:3  | 39336 ||| PLANNING SWAMP:4
 39338 | Swamp:4  | 39338 ||| PLANNING SWAMP:1-3
 39338 | Swamp:4  | 39338 ||| Stepping randomly (stuck).
 39342 | Swamp:3  | 39342 ||| PLANNING SWAMP:4
 39361 | Swamp:4  | 39361 ||| PLANNING SWAMP:1-3
 39379 | Swamp:3  | 39379 ||| PLANNING SWAMP:4
 39381 | Swamp:4  | 39381 ||| PLANNING SWAMP:1-3
 39381 | Swamp:4  | 39381 ||| Stepping randomly (stuck).
 39385 | Swamp:3  | 39385 ||| PLANNING SWAMP:4
 39408 | Swamp:4  | 39408 ||| PLANNING SWAMP:1-3
 39428 | Swamp:3  | 39428 ||| PLANNING SWAMP:4
 39430 | Swamp:4  | 39430 ||| PLANNING SWAMP:1-3
 39430 | Swamp:4  | 39430 ||| Stepping randomly (stuck).
 39434 | Swamp:3  | 39434 ||| PLANNING SWAMP:4
 39450 | Swamp:4  | 39450 ||| PLANNING SWAMP:1-3
 39468 | Swamp:3  | 39468 ||| PLANNING SWAMP:4
 39470 | Swamp:4  | 39470 ||| PLANNING SWAMP:1-3
 39470 | Swamp:4  | 39470 ||| Stepping randomly (stuck).
 39474 | Swamp:3  | 39474 ||| PLANNING SWAMP:4
 39490 | Swamp:4  | 39490 ||| PLANNING SWAMP:1-3
 39508 | Swamp:3  | 39508 ||| PLANNING SWAMP:4
 39510 | Swamp:4  | 39510 ||| PLANNING SWAMP:1-3
 39510 | Swamp:4  | 39510 ||| Stepping randomly (stuck).
 39514 | Swamp:3  | 39514 ||| PLANNING SWAMP:4
 39532 | Swamp:4  | 39532 ||| PLANNING SWAMP:1-3
 39551 | Swamp:3  | 39551 ||| PLANNING SWAMP:4
 39553 | Swamp:4  | 39553 ||| PLANNING SWAMP:1-3
 39553 | Swamp:4  | 39553 ||| Stepping randomly (stuck).
 39557 | Swamp:3  | 39557 ||| PLANNING SWAMP:4
 39574 | Swamp:4  | 39574 ||| PLANNING SWAMP:1-3
 39593 | Swamp:3  | 39593 ||| PLANNING SWAMP:4
 39595 | Swamp:4  | 39595 ||| PLANNING SWAMP:1-3
 39595 | Swamp:4  | 39595 ||| Stepping randomly (stuck).
 39599 | Swamp:3  | 39599 ||| PLANNING SWAMP:4
 39617 | Swamp:4  | 39617 ||| PLANNING SWAMP:1-3
 39637 | Swamp:3  | 39637 ||| PLANNING SWAMP:4
 39639 | Swamp:4  | 39639 ||| PLANNING SWAMP:1-3
 39639 | Swamp:4  | 39639 ||| Stepping randomly (stuck).
 39643 | Swamp:3  | 39643 ||| PLANNING SWAMP:4
 39662 | Swamp:4  | 39662 ||| PLANNING SWAMP:1-3
 39663 | Swamp:4  | 39663 ||| Stepping ~*~*~tactically~*~*~ (cloud).
 39664 | Swamp:4  | 39664 ||| Stepping ~*~*~tactically~*~*~ (cloud).
 39683 | Swamp:3  | 39683 ||| PLANNING SWAMP:4
 39685 | Swamp:4  | 39685 ||| PLANNING SWAMP:1-3
 39685 | Swamp:4  | 39685 ||| Stepping randomly (stuck).
 39689 | Swamp:3  | 39689 ||| PLANNING SWAMP:4
 39702 | Swamp:4  | 39702 ||| PLANNING SWAMP:1-3
 39717 | Swamp:3  | 39717 ||| PLANNING SWAMP:4
 39719 | Swamp:4  | 39719 ||| PLANNING SWAMP:1-3
 39719 | Swamp:4  | 39719 ||| Stepping randomly (stuck).
 39723 | Swamp:3  | 39723 ||| PLANNING SWAMP:4
 39739 | Swamp:4  | 39739 ||| PLANNING SWAMP:1-3
 39757 | Swamp:3  | 39757 ||| PLANNING SWAMP:4
 39759 | Swamp:4  | 39759 ||| PLANNING SWAMP:1-3
 39759 | Swamp:4  | 39759 ||| Stepping randomly (stuck).
 39763 | Swamp:3  | 39763 ||| PLANNING SWAMP:4
 39777 | Swamp:4  | 39777 ||| PLANNING SWAMP:1-3
 39793 | Swamp:3  | 39793 ||| PLANNING SWAMP:4
 39795 | Swamp:4  | 39795 ||| PLANNING SWAMP:1-3
 39795 | Swamp:4  | 39795 ||| Stepping randomly (stuck).
 39799 | Swamp:3  | 39799 ||| PLANNING SWAMP:4
 39813 | Swamp:4  | 39813 ||| PLANNING SWAMP:1-3
 39813 | Swamp:4  | 39813 ||| Stepping randomly (stuck).
 39829 | Swamp:3  | 39829 ||| PLANNING SWAMP:4
 39847 | Swamp:4  | 39847 ||| PLANNING SWAMP:1-3
 39867 | Swamp:3  | 39867 ||| PLANNING SWAMP:4
 39869 | Swamp:4  | 39869 ||| PLANNING SWAMP:1-3
 39869 | Swamp:4  | 39869 ||| Stepping randomly (stuck).
 39873 | Swamp:3  | 39873 ||| PLANNING SWAMP:4
 39888 | Swamp:4  | 39888 ||| PLANNING SWAMP:1-3
 39905 | Swamp:3  | 39905 ||| PLANNING SWAMP:4
 39907 | Swamp:4  | 39907 ||| PLANNING SWAMP:1-3
 39907 | Swamp:4  | 39907 ||| Stepping randomly (stuck).
 39911 | Swamp:3  | 39911 ||| PLANNING SWAMP:4
 39935 | Swamp:4  | 39935 ||| Stepping ~*~*~tactically~*~*~ (cloud).
 39936 | Swamp:4  | 39936 ||| PLANNING SWAMP:1-3
 39957 | Swamp:3  | 39957 ||| PLANNING SWAMP:4
 39959 | Swamp:4  | 39959 ||| PLANNING SWAMP:1-3
 39959 | Swamp:4  | 39959 ||| Stepping randomly (stuck).
 39963 | Swamp:3  | 39963 ||| PLANNING SWAMP:4
 39979 | Swamp:4  | 39979 ||| PLANNING SWAMP:1-3
 39997 | Swamp:3  | 39997 ||| PLANNING SWAMP:4
 39999 | Swamp:4  | 39999 ||| PLANNING SWAMP:1-3
 39999 | Swamp:4  | 39999 ||| Stepping randomly (stuck).
 40003 | Swamp:3  | 40003 ||| PLANNING SWAMP:4
 40017 | Swamp:4  | 40017 ||| PLANNING SWAMP:1-3
 40017 | Swamp:4  | 40017 ||| Stepping randomly (stuck).
 40033 | Swamp:3  | 40033 ||| PLANNING SWAMP:4
 40049 | Swamp:4  | 40049 ||| PLANNING SWAMP:1-3
 40067 | Swamp:3  | 40067 ||| PLANNING SWAMP:4
 40069 | Swamp:4  | 40069 ||| PLANNING SWAMP:1-3
 40069 | Swamp:4  | 40069 ||| Stepping randomly (stuck).
 40073 | Swamp:3  | 40073 ||| PLANNING SWAMP:4
 40091 | Swamp:4  | 40091 ||| PLANNING SWAMP:1-3
 40110 | Swamp:3  | 40110 ||| PLANNING SWAMP:4
 40112 | Swamp:4  | 40112 ||| PLANNING SWAMP:1-3
 40112 | Swamp:4  | 40112 ||| Stepping randomly (stuck).
 40116 | Swamp:3  | 40116 ||| PLANNING SWAMP:4
 40134 | Swamp:4  | 40134 ||| PLANNING SWAMP:1-3
 40154 | Swamp:3  | 40154 ||| PLANNING SWAMP:4
 40156 | Swamp:4  | 40156 ||| PLANNING SWAMP:1-3
 40156 | Swamp:4  | 40156 ||| Stepping randomly (stuck).
 40160 | Swamp:3  | 40160 ||| PLANNING SWAMP:4
 40176 | Swamp:4  | 40176 ||| PLANNING SWAMP:1-3
 40193 | Swamp:3  | 40193 ||| PLANNING SWAMP:4
 40195 | Swamp:4  | 40195 ||| PLANNING SWAMP:1-3
 40195 | Swamp:4  | 40195 ||| Stepping randomly (stuck).
 40199 | Swamp:3  | 40199 ||| PLANNING SWAMP:4
 40215 | Swamp:4  | 40215 ||| PLANNING SWAMP:1-3
 40233 | Swamp:3  | 40233 ||| PLANNING SWAMP:4
 40235 | Swamp:4  | 40235 ||| PLANNING SWAMP:1-3
 40235 | Swamp:4  | 40235 ||| Stepping randomly (stuck).
 40239 | Swamp:3  | 40239 ||| PLANNING SWAMP:4
 40254 | Swamp:4  | 40254 ||| Stepping ~*~*~tactically~*~*~ (stealth).
 40255 | Swamp:4  | 40255 ||| PLANNING SWAMP:1-3
 40256 | Swamp:4  | 40256 ||| Stepping ~*~*~tactically~*~*~ (stealth).
 40258 | Swamp:4  | 40258 ||| Stepping ~*~*~tactically~*~*~ (hiding).
 40259 | Swamp:4  | 40259 ||| Stepping ~*~*~tactically~*~*~ (hiding).
 40260 | Swamp:4  | 40260 ||| Stepping ~*~*~tactically~*~*~ (hiding).
 40288 | Swamp:3  | 40288 ||| PLANNING SWAMP:4
 40290 | Swamp:4  | 40290 ||| PLANNING SWAMP:1-3
 40290 | Swamp:4  | 40290 ||| Stepping randomly (stuck).
 40294 | Swamp:3  | 40294 ||| PLANNING SWAMP:4
 40309 | Swamp:4  | 40309 ||| PLANNING SWAMP:1-3
 40325 | Swamp:3  | 40325 ||| PLANNING SWAMP:4
 40327 | Swamp:4  | 40327 ||| PLANNING SWAMP:1-3
 40327 | Swamp:4  | 40327 ||| Stepping randomly (stuck).
 40331 | Swamp:3  | 40331 ||| PLANNING SWAMP:4
 40348 | Swamp:4  | 40348 ||| PLANNING SWAMP:1-3
 40367 | Swamp:3  | 40367 ||| PLANNING SWAMP:4
 40369 | Swamp:4  | 40369 ||| PLANNING SWAMP:1-3
 40369 | Swamp:4  | 40369 ||| Stepping randomly (stuck).
 40373 | Swamp:3  | 40373 ||| PLANNING SWAMP:4
 40392 | Swamp:4  | 40392 ||| PLANNING SWAMP:1-3
 40413 | Swamp:3  | 40413 ||| PLANNING SWAMP:4
 40415 | Swamp:4  | 40415 ||| PLANNING SWAMP:1-3
 40415 | Swamp:4  | 40415 ||| Stepping randomly (stuck).
 40419 | Swamp:3  | 40419 ||| PLANNING SWAMP:4
 40432 | Swamp:4  | 40432 ||| PLANNING SWAMP:1-3
 40447 | Swamp:3  | 40447 ||| PLANNING SWAMP:4
 40449 | Swamp:4  | 40449 ||| PLANNING SWAMP:1-3
 40449 | Swamp:4  | 40449 ||| Stepping randomly (stuck).
 40453 | Swamp:3  | 40453 ||| PLANNING SWAMP:4
 40467 | Swamp:4  | 40467 ||| PLANNING SWAMP:1-3
 40483 | Swamp:3  | 40483 ||| PLANNING SWAMP:4
 40485 | Swamp:4  | 40485 ||| PLANNING SWAMP:1-3
 40485 | Swamp:4  | 40485 ||| Stepping randomly (stuck).
 40489 | Swamp:3  | 40489 ||| PLANNING SWAMP:4
 40504 | Swamp:4  | 40504 ||| PLANNING SWAMP:1-3
 40520 | Swamp:3  | 40520 ||| PLANNING SWAMP:4
 40522 | Swamp:4  | 40522 ||| PLANNING SWAMP:1-3
 40522 | Swamp:4  | 40522 ||| Stepping randomly (stuck).
 40526 | Swamp:3  | 40526 ||| PLANNING SWAMP:4
 40541 | Swamp:4  | 40541 ||| PLANNING SWAMP:1-3
 40558 | Swamp:3  | 40558 ||| PLANNING SWAMP:4
 40560 | Swamp:4  | 40560 ||| PLANNING SWAMP:1-3
 40560 | Swamp:4  | 40560 ||| Stepping randomly (stuck).
 40564 | Swamp:3  | 40564 ||| PLANNING SWAMP:4
 40582 | Swamp:4  | 40582 ||| PLANNING SWAMP:1-3
 40602 | Swamp:3  | 40602 ||| PLANNING SWAMP:4
 40604 | Swamp:4  | 40604 ||| PLANNING SWAMP:1-3
 40604 | Swamp:4  | 40604 ||| Stepping randomly (stuck).
 40608 | Swamp:3  | 40608 ||| PLANNING SWAMP:4
 40623 | Swamp:4  | 40623 ||| PLANNING SWAMP:1-3
 40639 | Swamp:3  | 40639 ||| PLANNING SWAMP:4
 40641 | Swamp:4  | 40641 ||| PLANNING SWAMP:1-3
 40641 | Swamp:4  | 40641 ||| Stepping randomly (stuck).
 40645 | Swamp:3  | 40645 ||| PLANNING SWAMP:4
 40663 | Swamp:4  | 40663 ||| PLANNING SWAMP:1-3
 40682 | Swamp:3  | 40682 ||| PLANNING SWAMP:4
 40684 | Swamp:4  | 40684 ||| PLANNING SWAMP:1-3
 40684 | Swamp:4  | 40684 ||| Stepping randomly (stuck).
 40688 | Swamp:3  | 40688 ||| PLANNING SWAMP:4
 40703 | Swamp:4  | 40703 ||| PLANNING SWAMP:1-3
 40719 | Swamp:3  | 40719 ||| PLANNING SWAMP:4
 40721 | Swamp:4  | 40721 ||| PLANNING SWAMP:1-3
 40721 | Swamp:4  | 40721 ||| Stepping randomly (stuck).
 40725 | Swamp:3  | 40725 ||| PLANNING SWAMP:4
 40744 | Swamp:4  | 40744 ||| PLANNING SWAMP:1-3
 40765 | Swamp:3  | 40765 ||| PLANNING SWAMP:4
 40767 | Swamp:4  | 40767 ||| PLANNING SWAMP:1-3
 40767 | Swamp:4  | 40767 ||| Stepping randomly (stuck).
 40771 | Swamp:3  | 40771 ||| PLANNING SWAMP:4
 40792 | Swamp:4  | 40792 ||| PLANNING SWAMP:1-3
 40809 | Swamp:3  | 40809 ||| PLANNING SWAMP:4
 40811 | Swamp:4  | 40811 ||| PLANNING SWAMP:1-3
 40811 | Swamp:4  | 40811 ||| Stepping randomly (stuck).
 40815 | Swamp:3  | 40815 ||| PLANNING SWAMP:4
 40837 | Swamp:4  | 40837 ||| Stepping ~*~*~tactically~*~*~ (cloud).
 40838 | Swamp:4  | 40838 ||| Stepping ~*~*~tactically~*~*~ (cloud).
 40839 | Swamp:4  | 40839 ||| PLANNING SWAMP:1-3
 40860 | Swamp:3  | 40860 ||| PLANNING SWAMP:4
 40862 | Swamp:4  | 40862 ||| PLANNING SWAMP:1-3
 40862 | Swamp:4  | 40862 ||| Stepping randomly (stuck).
 40866 | Swamp:3  | 40866 ||| PLANNING SWAMP:4
 40880 | Swamp:4  | 40880 ||| PLANNING SWAMP:1-3
 40896 | Swamp:3  | 40896 ||| PLANNING SWAMP:4
 40898 | Swamp:4  | 40898 ||| PLANNING SWAMP:1-3
 40898 | Swamp:4  | 40898 ||| Stepping randomly (stuck).
 40902 | Swamp:3  | 40902 ||| PLANNING SWAMP:4
 40919 | Swamp:4  | 40919 ||| PLANNING SWAMP:1-3
 40937 | Swamp:3  | 40937 ||| PLANNING SWAMP:4
 40939 | Swamp:4  | 40939 ||| PLANNING SWAMP:1-3
 40939 | Swamp:4  | 40939 ||| Stepping randomly (stuck).
 40943 | Swamp:3  | 40943 ||| PLANNING SWAMP:4
 40957 | Swamp:4  | 40957 ||| PLANNING SWAMP:1-3
 40973 | Swamp:3  | 40973 ||| PLANNING SWAMP:4
 40975 | Swamp:4  | 40975 ||| PLANNING SWAMP:1-3
 40975 | Swamp:4  | 40975 ||| Stepping randomly (stuck).
 40979 | Swamp:3  | 40979 ||| PLANNING SWAMP:4
 41001 | Swamp:4  | 41001 ||| PLANNING SWAMP:1-3
 41004 | Swamp:4  | 41004 ||| Stepping ~*~*~tactically~*~*~ (cloud).
 41024 | Swamp:3  | 41024 ||| PLANNING SWAMP:4
 41026 | Swamp:4  | 41026 ||| PLANNING SWAMP:1-3
 41026 | Swamp:4  | 41026 ||| Stepping randomly (stuck).
 41030 | Swamp:3  | 41030 ||| PLANNING SWAMP:4
 41048 | Swamp:4  | 41048 ||| PLANNING SWAMP:1-3
 41068 | Swamp:3  | 41068 ||| PLANNING SWAMP:4
 41070 | Swamp:4  | 41070 ||| PLANNING SWAMP:1-3
 41070 | Swamp:4  | 41070 ||| Stepping randomly (stuck).
 41074 | Swamp:3  | 41074 ||| PLANNING SWAMP:4
 41088 | Swamp:4  | 41088 ||| PLANNING SWAMP:1-3
 41104 | Swamp:3  | 41104 ||| PLANNING SWAMP:4
 41106 | Swamp:4  | 41106 ||| PLANNING SWAMP:1-3
 41106 | Swamp:4  | 41106 ||| Stepping randomly (stuck).
 41110 | Swamp:3  | 41110 ||| PLANNING SWAMP:4
 41169 | Swamp:4  | 41169 ||| Stepping ~*~*~tactically~*~*~ (cloud).
 41170 | Swamp:4  | 41170 ||| Stepping ~*~*~tactically~*~*~ (cloud).
 41193 | Swamp:4  | 41193 ||| PLANNING SWAMP:1-3
 41196 | Swamp:4  | 41196 ||| Stepping ~*~*~tactically~*~*~ (cloud).
 41198 | Swamp:4  | 41198 ||| Stepping ~*~*~tactically~*~*~ (cloud).
 41255 | Swamp:4  | 41255 ||| Stepping ~*~*~tactically~*~*~ (cloud).
 41263 | Swamp:4  | 41263 ||| Stepping ~*~*~tactically~*~*~ (cloud).
 41324 | Swamp:4  | 41324 ||| Stepping randomly (Swamp:4).
 41325 | Swamp:4  | 41325 ||| Stepping ~*~*~tactically~*~*~ (cloud).
 41326 | Swamp:4  | 41326 ||| Stepping randomly (Swamp:4).
 41327 | Swamp:4  | 41327 ||| Stepping ~*~*~tactically~*~*~ (cloud).
 41361 | Swamp:4  | 41361 ||| Stepping ~*~*~tactically~*~*~ (cloud).
 41366 | Swamp:4  | 41366 ||| Stepping ~*~*~tactically~*~*~ (cloud).
 41367 | Swamp:4  | 41367 ||| Stepping ~*~*~tactically~*~*~ (cloud).
 41381 | Swamp:4  | 41381 ||| Stepping randomly (stuck).
 41496 | Swamp:4  | 41496 ||| Stepping randomly (Swamp:4).
 41497 | Swamp:4  | 41497 ||| Stepping ~*~*~tactically~*~*~ (cloud).
 41518 | Swamp:4  | 41518 ||| Stepping ~*~*~tactically~*~*~ (cloud).
 41537 | Swamp:4  | 41537 ||| Stepping ~*~*~tactically~*~*~ (cloud).
 41539 | Swamp:4  | 41539 ||| Stepping ~*~*~tactically~*~*~ (cloud).
 41566 | Swamp:4  | 41566 ||| Stepping ~*~*~tactically~*~*~ (cloud).
 41577 | Swamp:4  | Got a decaying rune of Zot
 41620 | Swamp:4  | 41620 ||| Stepping ~*~*~tactically~*~*~ (cloud).
 41641 | Swamp:3  | 41641 ||| PLANNING DEPTHS
 41913 | Depths:1 | Entered Level 1 of the Depths
 41937 | Depths:1 | 41937 ||| Stepping ~*~*~tactically~*~*~ (stealth).
 41947 | Depths:1 | 41947 ||| Stepping ~*~*~tactically~*~*~ (stealth).
 41949 | Depths:1 | 41949 ||| Stepping ~*~*~tactically~*~*~ (hiding).
 41984 | Depths:1 | 41984 ||| INVOKING Heroism.
 41985 | Depths:1 | 41985 ||| INVOKING Finesse.
 41986 | Depths:1 | 41986 ||| INVOKING Finesse.
 42118 | Depths:1 | Found a gateway to Hell.
 42218 | Depths:1 | 42218 ||| INVOKING Heroism.
 42219 | Depths:1 | 42219 ||| INVOKING Finesse.
 42268 | Depths:1 | 42268 ||| Stepping ~*~*~tactically~*~*~ (hiding).
 42269 | Depths:1 | 42269 ||| Stepping ~*~*~tactically~*~*~ (hiding).
 42303 | Depths:1 | 42303 ||| Stepping ~*~*~tactically~*~*~ (hiding).
 42381 | Depths:1 | 42381 ||| Stepping ~*~*~tactically~*~*~ (stealth).
 42384 | Depths:1 | 42384 ||| INVOKING Heroism.
 42390 | Depths:1 | 42390 ||| Stepping ~*~*~tactically~*~*~ (hiding).
 42607 | Depths:1 | 42607 ||| DROPPING +2 pair of boots.
 42608 | Depths:1 | 42608 ||| READING 26 scrolls of identify.
 42608 | Depths:1 | 42608 ||| IDENTIFYING lumpy dark potion
 42609 | Depths:1 | 42609 ||| Stepping randomly (stuck).
 42610 | Depths:1 | 42610 ||| Stepping randomly (stuck).
 42611 | Depths:1 | 42611 ||| Stepping randomly (stuck).
 42612 | Depths:1 | 42612 ||| Stepping randomly (stuck).
 42629 | Depths:1 | Found a one-way gate to the infinite horrors of the Abyss.
 42671 | Depths:1 | 42671 ||| INVOKING Heroism.
 42705 | Depths:1 | 42705 ||| INVOKING Finesse.
 42755 | Depths:1 | Found Tuili's Magic Scroll Shop.
 42764 | Depths:1 | 42764 ||| BUYING scroll of enchant armour (165 gold).
 42764 | Depths:1 | Bought a scroll of enchant armour for 165 gold pieces
 42764 | Depths:1 | 42764 ||| BUYING scroll of teleportation (66 gold).
 42764 | Depths:1 | Bought a scroll of teleportation for 66 gold pieces
 42764 | Depths:1 | 42764 ||| READING scroll of enchant armour.
 42764 | Depths:1 | 42764 ||| ENCHANTING +5 plate armour of fire resistance.
 42794 | Depths:1 | Found a glowing golden altar of the Shining One.
 42809 | Depths:1 | 42809 ||| Stepping ~*~*~tactically~*~*~ (stealth).
 42814 | Depths:1 | 42814 ||| INVOKING Heroism.
 42848 | Depths:1 | Reached skill level 18 in Armour
 42849 | Depths:1 | 42849 ||| INVOKING Heroism.
 42927 | Depths:1 | Found an iron altar of Okawaru.
 43041 | Depths:1 | Noticed a juggernaut
 43042 | Depths:1 | 43042 ||| INVOKING Heroism.
 43053 | Depths:1 | Killed a juggernaut
 43095 | Depths:1 | 43095 ||| Stepping ~*~*~tactically~*~*~ (hiding).
 43115 | Depths:1 | 43115 ||| INVOKING Heroism.
 43204 | Depths:1 | 43204 ||| INVOKING Heroism.
 43246 | Depths:1 | Received a gift from Okawaru
 43409 | Depths:1 | 43409 ||| Stepping ~*~*~tactically~*~*~ (stealth).
 43411 | Depths:1 | 43411 ||| Stepping ~*~*~tactically~*~*~ (hiding).
 43475 | Depths:1 | 43475 ||| Stepping ~*~*~tactically~*~*~ (stealth).
 43476 | Depths:1 | 43476 ||| Stepping ~*~*~tactically~*~*~ (stealth).
 43482 | Depths:1 | Found a one-way gate leading to the halls of Pandemonium.
 43567 | Depths:1 | 43567 ||| DROPPING ring of fire.
 43612 | Depths:2 | 43612 ||| INVOKING Heroism.
 43613 | Depths:2 | 43613 ||| INVOKING Finesse.
 43620 | Depths:2 | 43620 ||| STAIRDANCE
 43655 | Depths:2 | 43655 ||| STAIRDANCE
 43684 | Depths:2 | 43684 ||| STAIRDANCE
 43788 | Depths:2 | 43788 ||| STAIRDANCE
 43790 | Depths:1 | 43790 ||| INVOKING Heroism.
 43838 | Depths:2 | 43838 ||| STAIRDANCE
 43838 | Depths:2 | Noticed a golden dragon
 43840 | Depths:1 | 43840 ||| INVOKING Heroism.
 43865 | Depths:2 | 43865 ||| STAIRDANCE
 43878 | Depths:1 | Reached XP level 22. HP: 152/152 MP: 29/29
 43889 | Depths:2 | 43889 ||| STAIRDANCE
 43905 | Depths:2 | 43905 ||| STAIRDANCE
 43940 | Depths:2 | 43940 ||| STAIRDANCE
 43942 | Depths:1 | 43942 ||| INVOKING Heroism.
 43943 | Depths:1 | 43943 ||| INVOKING Finesse.
 43990 | Depths:2 | 43990 ||| STAIRDANCE
 44024 | Depths:2 | 44024 ||| STAIRDANCE
 44039 | Depths:2 | 44039 ||| STAIRDANCE
 44041 | Depths:1 | 44041 ||| INVOKING Finesse.
 44080 | Depths:2 | 44080 ||| STAIRDANCE
 44082 | Depths:1 | 44082 ||| INVOKING Heroism.
 44105 | Depths:2 | 44105 ||| STAIRDANCE
 44118 | Depths:2 | 44118 ||| STAIRDANCE
 44139 | Depths:2 | 44139 ||| STAIRDANCE
 44158 | Depths:2 | 44158 ||| INVOKING Heroism.
 44167 | Depths:2 | 44167 ||| INVOKING Finesse.
 44207 | Depths:2 | Found a one-way gateway to a ziggurat.
 44221 | Depths:2 | 44221 ||| FLEEEEING.
 44223 | Depths:2 | 44223 ||| STAIRDANCE
 44271 | Depths:2 | 44271 ||| FLEEEEING.
 44272 | Depths:2 | 44272 ||| FLEEEEING.
 44273 | Depths:2 | 44273 ||| STAIRDANCE
 44304 | Depths:2 | Noticed Asterion
 44305 | Depths:2 | 44305 ||| READING scroll of teleportation.
 44309 | Depths:2 | 44309 ||| INVOKING Heroism.
 44312 | Depths:2 | 44312 ||| Stepping randomly (stuck).
 44313 | Depths:2 | 44313 ||| Stepping randomly (stuck).
 44314 | Depths:2 | 44314 ||| Stepping randomly (stuck).
 44315 | Depths:2 | 44315 ||| Stepping randomly (stuck).
 44316 | Depths:2 | 44316 ||| Stepping randomly (stuck).
 44317 | Depths:2 | 44317 ||| Stepping randomly (stuck).
 44326 | Depths:2 | 44326 ||| INVOKING Heroism.
 44383 | Depths:2 | 44383 ||| FLEEEEING.
 44384 | Depths:2 | 44384 ||| FLEEEEING.
 44385 | Depths:2 | 44385 ||| FLEEEEING.
 44386 | Depths:2 | 44386 ||| FLEEEEING.
 44387 | Depths:2 | 44387 ||| FLEEEEING.
 44388 | Depths:2 | 44388 ||| FLEEEEING.
 44389 | Depths:2 | 44389 ||| INVOKING Heroism.
 44390 | Depths:2 | 44390 ||| INVOKING Finesse.
 44406 | Depths:2 | Killed a golden dragon
 44436 | Depths:2 | 44436 ||| FLEEEEING.
 44442 | Depths:2 | 44442 ||| FLEEEEING.
 44443 | Depths:2 | 44443 ||| FLEEEEING.
 44444 | Depths:2 | 44444 ||| FLEEEEING.
 44445 | Depths:2 | 44445 ||| FLEEEEING.
 44446 | Depths:2 | 44446 ||| FLEEEEING.
 44450 | Depths:2 | 44450 ||| FLEEEEING.
 44451 | Depths:2 | 44451 ||| FLEEEEING.
 44452 | Depths:2 | 44452 ||| FLEEEEING.
 44453 | Depths:2 | 44453 ||| FLEEEEING.
 44454 | Depths:2 | 44454 ||| FLEEEEING.
 44455 | Depths:2 | 44455 ||| FLEEEEING.
 44456 | Depths:2 | 44456 ||| FLEEEEING.
 44457 | Depths:2 | 44457 ||| FLEEEEING.
 44458 | Depths:2 | 44458 ||| FLEEEEING.
 44459 | Depths:2 | 44459 ||| FLEEEEING.
 44459 | Depths:2 | HP: 25/152 [daeva/divine providence (17)]
 44460 | Depths:2 | 44460 ||| FLEEEEING.
 44461 | Depths:2 | 44461 ||| FLEEEEING.
 44461 | Depths:2 | HP: 11/152 [daeva/divine providence (16)]
 44462 | Depths:2 | 44462 ||| FLEEEEING.
 44462 | Depths:2 | HP: 1/152 [daeva/divine providence (11)]
 44463 | Depths:2 | 44463 ||| FLEEEEING.
 44463 | Depths:2 | Killed from afar by a daeva

Levels and vault maps discovered:
D:1:      dpeg_arrival_simpleton_b, layout_loops_corners,
          shapermc_ecumenical_altar_petra, minmay_tromino_i4
D:2:      layout_basic, basic_altar
D:3:      layout_loops_ring, zin_statuary, uniq_natasha
D:4:      layout_basic, mainiacjoe_overflow_alcove_1, dancing_weapons_uskayaw
D:5:      layout_basic, grunt_temple_overflow_open,
          minmay_temple_entry_large_hall, uniq_crazy_yiuf_cottage
D:6:      kennysheep_windowed_halls, layout_basic, uniq_pikel
D:7:      layout_loops_ring
D:8:      layout_loops_corners, erik_lair_orcish_takeover
D:9:      layout_basic, grunt_gozag_breadcrumbs, uniq_grum, uniq_amaemon,
          uniq_harold, uniq_joseph
D:10:     layout_cave_pools
D:11:     layout_small_grid, erik_orc_4, minivault_16, fedhas_altar_1,
          uniq_sonja
D:12:     layout_small_grid, uniq_urug
D:13:     layout_layer_cave, uniq_lodul
D:14:     layout_long_grid, grunt_vaults_entry_tiered, grunt_decor_resistance,
          special_room [special_room_mythical_zoo], uniq_josephine,
          uniq_jorgrun, uniq_azrael
D:15:     hangedman_depths_entry_civil_slaughter, layout_irregular_city,
          hex_medium, serial_column_ruins, column_ruins_hut_pillars,
          column_ruins_open_tiny, column_ruins_open_medium, column_ruins_grid_3,
          portal_ice_cave_entry_pillars_four, uniq_roxanne
Temple:   regret_index_temple_waves
Lair:1:   layout_roguey, serial_bayou_pond_a, uniq_gastronok
Lair:2:   layout_roguey, guppyfry_snake_entry_island,
          nicolae_volcano_entry_vermiform, infiniplex_staircase_pool_2
Lair:3:   layout_chaotic_city, nicolae_swamp_entry_splash_gauntlet
Lair:4:   layout_roguey, slime_entry_1, gammafunk_ghost_hive
Lair:5:   grunt_lair_end_beastmaster, layout_hall_layers
Swamp:1:  layout_falls_marsh, evilmike_swamp_ruin_house_1, swamp_pool2,
          nicolae_swamp_catching_bugs
Swamp:2:  layout_falls_marsh, hangedman_swamp_ruin_wall, swamp_pool5,
          hangedman_swamp_lotus, hangedman_swamp_cone, nicolae_swamp_stair_fork,
          nicolae_swamp_big_swirl
Swamp:3:  layout_basic_swamp, evilmike_swamp_ruin_rubble_1, swamp_pool5
Swamp:4:  swamp_icy, layout_basic_swamp, swamp_pool2, beargit_kiku_chapel
Snake:1:  layout_rooms, ebering_ghost_gozag, serial_shops, shop, uniq_aizul,
          uniq_frances
Snake:2:  layout_concentric_octagons, uniq_vashnia
Snake:3:  layout_cave_town, serial_shops, shop, grunt_ministairs_12
Snake:4:  grunt_snake_rune_spirals, layout_onion_interference, serial_shops,
          shop, uniq_mara
Orc:1:    layout_caves
Orc:2:    st_orc_congregation, layout_caves, gauntlet_entry_generic,
          mines2_david
Vaults:1: v_misc_10, nicolae_vaults_network_periphery,
          ontoclasm_vaults_decontamination, nicolae_vaults_specimen_jars,
          vaults_room_fours, ontoclasm_vaults_twist, v_misc_17,
          vaults_room_ringed_pool, hangedman_vaults_variations, v_rooms_6,
          layout_vaults_omnigrid
Vaults:2: grunt_vaults_funnel, v_misc_10, v_misc_9, nicolae_vaults_big_ls,
          v_pattern_4, nicolae_vaults_little_squares_3, grunt_vaults_diagonal,
          vaults_room_door_ring, vaults_room_boxed, v_misc_19, v_misc_22,
          layout_vaults_omnicross
Vaults:3: nicolae_vaults_twisting_passages, minmay_crypt_entry_vampire_xt,
          nicolae_vaults_little_squares_3, vaults_room_semicircle,
          ontoclasm_vaults_hangar, ontoclasm_vaults_hangar,
          nicolae_vaults_fighting_squares, grunt_vaults_hallway_short,
          nicolae_vaults_hallways_thing, vaults_room_pools,
          hangedman_vaults_trim, hangedman_vaults_hat, nicolae_vaults_alarming,
          v_misc_28, layout_vaults_maze_snakey
Vaults:4: v_misc_17, nicolae_vaults_halls_meeting, grunt_vaults_hallway_short,
          vaults_room_octagon, hangedman_vaults_cutoff, vaults_room_door_ring,
          ontoclasm_vaults_tryst, v_misc_16, vaults_room_pools,
          dpeg_vaults_monster_box, hangedman_vaults_nails, layout_vaults_ring,
          serial_shops, nicolae_shop_temple_entry_statues_fountains
Depths:1: nicolae_hexawheel, layout_gridlike, grunt_pan_entry_in_and_out,
          grunt_hell_entry_dis_mu, abyss_entry, serial_shops, shop,
          tso_metal_star, eino_tiny_chamber, okawaru_ov_weapons_minmay
Depths:2: minmay_strange_plus, layout_gridlike, enter_ziggurat_c,
          rand_demon_pan_entry_9, pf_hell_entry_tar_spiral,
          minmay_misc_feat_enclosed, uniq_vv, uniq_asterion

Skill      XL: |  1  2  3  4  5  6  7  8  9 10 11 12 13 14 15 16 17 18 19 20 21 22 |
---------------+-------------------------------------------------------------------+-----
Axes           | 2 3 4 5 6 7 8 9 10 11 13 15 16 17 18 | 18.0
Fighting       | 4 5 8 9 10 11 12 13 15 17 18 20 | 20.0
Dodging        | 1 2 3 4 5 6 7 |  7.0
Invocations    | 1 5 7 10 | 10.0
Armour         | 6 7 8 9 10 11 12 14 15 17 18 19 | 19.0
Shields        | 4 5 6 7 8 13 14 17 18 19 20 | 20.7
Throwing       | 1 2 5 7 8 9 10 | 10.0

Action                   |  1- 3 |  4- 6 |  7- 9 | 10-12 | 13-15 | 16-18 | 19-21 | 22-24 || total
-------------------------+-------+-------+-------+-------+-------+-------+-------+-------++-------
Melee: War axe           |   155 |   105 |       |       |       |       |       |       ||   260
       Broad axe         |       |    13 |   207 |   597 |  1065 |  1574 |  1838 |   167 ||  5461
       Demon whip        |       |       |       |       |    40 |       |       |       ||    40
       Hand axe          |       |       |       |       |       |    35 |       |       ||    35
Throw: Boomerang         |    14 |    16 |       |    79 |   140 |     6 |   106 |     3 ||   364
       Javelin           |       |       |       |       |    42 |    78 |    65 |     2 ||   187
Invok: Heroism           |       |       |     9 |    28 |    40 |    57 |    38 |     6 ||   178
       Finesse           |       |       |       |     2 |    14 |     7 |     8 |     4 ||    35
  Use: Scroll            |     2 |    10 |     7 |    12 |     4 |     2 |    23 |     1 ||    61
       Potion            |     1 |     1 |     1 |       |     2 |     3 |       |       ||     8
 Stab: Distracted        |       |       |       |       |       |     1 |       |       ||     1
       Confused          |       |       |       |       |       |     1 |       |       ||     1
Armor: Scale mail        |    75 |    59 |    94 |       |       |       |       |       ||   228
       Plate armour      |       |       |    34 |   350 |   693 |   650 |   587 |    77 ||  2391
Dodge: Dodged            |    76 |    47 |    81 |   183 |   323 |   283 |   286 |    21 ||  1300
Block: Buckler           |    25 |    26 |    49 |   127 |   182 |       |       |       ||   409
       Kite shield       |       |       |       |       |   209 |   340 |       |       ||   549
       Tower shield      |       |       |       |       |       |  1230 |  1713 |   174 ||  3117
       Reflection        |       |       |       |       |       |   174 |    55 |     2 ||   231

Table legend:
 A = Non-vault XP
 B = Vault XP
 C = Vault XP percentage of total XP
 D = Non-vault monster count
 E = Vault monster count
 F = Vault count percentage of total count
                 A         B        C        D         E       F
            +---------+---------+-------+---------+---------+-------
      Total |  376337 |  249515 |  39.9 |     963 |     501 |  34.2
            +---------+---------+-------+---------+---------+-------
        D:1 |      50 |       3 |   5.7 |      27 |       2 |   6.9
        D:2 |      47 |       0 |   0.0 |      21 |       0 |   0.0
        D:3 |     150 |      35 |  18.9 |      21 |       1 |   4.5
        D:4 |      64 |       0 |   0.0 |      15 |       0 |   0.0
        D:5 |     914 |       0 |   0.0 |      15 |       0 |   0.0
        D:6 |    1087 |    3037 |  73.6 |      27 |      21 |  43.8
        D:7 |    1160 |       0 |   0.0 |      31 |       0 |   0.0
        D:8 |    1260 |     893 |  41.5 |      15 |      11 |  42.3
        D:9 |    1517 |    2689 |  63.9 |       9 |       5 |  35.7
       D:10 |    3999 |       0 |   0.0 |      25 |       0 |   0.0
       D:11 |    4886 |    1260 |  20.5 |      27 |      17 |  38.6
       D:12 |    4325 |     798 |  15.6 |      21 |       1 |   4.5
       D:13 |   10982 |    1595 |  12.7 |      27 |       8 |  22.9
       D:14 |    6544 |   19654 |  75.0 |      10 |      65 |  86.7
       D:15 |    6895 |    5258 |  43.3 |      12 |       7 |  36.8
     Lair:1 |    7291 |    1507 |  17.1 |      33 |       1 |   2.9
     Lair:2 |    6059 |     928 |  13.3 |      27 |       3 |  10.0
     Lair:3 |    1743 |    2345 |  57.4 |       6 |       5 |  45.5
     Lair:4 |    5913 |       0 |   0.0 |      19 |       0 |   0.0
     Lair:5 |   13110 |    8526 |  39.4 |      47 |      18 |  27.7
    Swamp:1 |   12190 |    4236 |  25.8 |      25 |       9 |  26.5
    Swamp:2 |    8273 |     414 |   4.8 |      19 |       3 |  13.6
    Swamp:3 |   14001 |       0 |   0.0 |      26 |       0 |   0.0
    Swamp:4 |    5274 |   15543 |  74.7 |      10 |      41 |  80.4
    Snake:1 |   14865 |    2666 |  15.2 |      29 |       2 |   6.5
    Snake:2 |   16704 |    5968 |  26.3 |      33 |       5 |  13.2
    Snake:3 |   15217 |     720 |   4.5 |      32 |       2 |   5.9
    Snake:4 |   24144 |   39075 |  61.8 |      51 |      42 |  45.2
      Orc:1 |    5804 |       9 |   0.2 |      45 |       3 |   6.2
      Orc:2 |    2354 |   10668 |  81.9 |      21 |      67 |  76.1
   Vaults:1 |   27400 |   15167 |  35.6 |      37 |      23 |  38.3
   Vaults:2 |   23853 |   21555 |  47.5 |      37 |      27 |  42.2
   Vaults:3 |   19344 |   23895 |  55.3 |      31 |      34 |  52.3
   Vaults:4 |   35946 |   16526 |  31.5 |      50 |      20 |  28.6
   Depths:1 |   65233 |   34694 |  34.7 |      74 |      40 |  35.1
   Depths:2 |    7739 |    4543 |  37.0 |       8 |       3 |  27.3
   Gauntlet |       0 |    5308 | 100.0 |       0 |      15 | 100.0
            +---------+---------+-------+---------+---------+-------
